 Dungeon Crawl Stone Soup version 0.29.0-4-gdea44cf6ec (webtiles) character file.

Game seed: 15962616229166482161

12674 qw the Brawler (level 11, -2/28 (107) HPs)
             Began as a Troll Cinder Acolyte on Sept 1, 2022.
             Was an Initiate of Ignis.
             Killed from afar by an electric eel (16 damage)
             ... with a bolt of electricity
             ... on level 2 of the Lair of Beasts.
             The game lasted 00:23:40 (20755 turns).

qw the Brawler (Troll Cinder Acolyte)              Turns: 20755, Time: 00:23:41

HP:   -2/28 (107)   AC:  9    Str: 28    XL:     11   Next: 65%
MP:   11/11         EV: 13    Int: 10    God:    Ignis [......]
Gold: 422           SH:  0    Dex:  5    Spells: 12/12 levels left

rFire   + + .      SeeInvis .     - Unarmed
rCold   . . .      Faith    .   (no shield)
rNeg    . . .      Spirit   .   c - +0 troll leather armour {Pargi}
rPois   .          Reflect  .   l - +1 hat
rElec   .          Harm     .   j - +1 cloak
rCorr   .          Rampage  .   (gloves unavailable)
Will    .....                   (boots unavailable)
Stlth   +.........              (no amulet)
HPRegen 1.69/turn               q - +4 ring of evasion
MPRegen 0.12/turn               o - ring of protection from fire

@: extremely drained, bezotted
A: large, unfitting armour, claws 3, regeneration 1, shaggy fur 1, tough skin 1
a: Renounce Religion, Rising Flame


You were on level 2 of the Lair of Beasts.
You worshipped Ignis.
Ignis was noncommittal.
You visited 2 branches of the dungeon, and saw 10 of its levels.
You also visited: Sewer and Ossuary.

You collected 464 gold pieces.
You spent 42 gold pieces at shops.


Innate Abilities, Weirdness & Mutations

You are too large for most types of armour.
You have claws for hands.
Your natural rate of healing is unusually fast.
You are covered in fur. (AC +1)
You have tough skin. (AC +1)


   Skills:
 + Level 6.9 Fighting
 - Level 4.2 Throwing
 - Level 2.3 Armour
 - Level 1.5 Dodging
 - Level 16.0 Unarmed Combat
 - Level 1.0 Spellcasting
 - Level 2.1 Fire Magic


You had 12 spell levels left.
You didn't know any spells.
Your spell library contained the following spells:

 Spells                   Type           Power      Damage    Failure   Level
 Scorch                   Fire           8%         2d5       24%         2

Inventory:

Missiles
 f - 6 boomerangs
 n - 3 javelins (quivered)
Armour
 c - a +0 troll leather armour (worn) {Pargi}
 j - a +1 cloak (worn)
 l - a +1 hat (worn)
 r - a scarf of resistance
Jewellery
 o - a ring of protection from fire (right claw)
 q - a +4 ring of evasion (left claw)
 Y - a ring of resist corrosion
Scrolls
 a - 3 scrolls of enchant weapon
 g - 10 scrolls of teleportation
 i - 7 scrolls of identify
Potions
 b - 2 potions of might
 d - 5 potions of curing
 e - 3 potions of mutation
 h - 5 potions of heal wounds
 k - 3 potions of haste
 m - a potion of berserk rage {unknown}
 p - a potion of resistance

Dungeon Overview and Level Annotations

Branches:
Dungeon (8/15)             Temple (0/1) D:4            Lair (2/5) D:8 Zot: 623
  Swamp (0/4) Lair:2       Spider (0/4) Lair:2        Sewer (visited)
Ossuary (visited)

Altars:
Cheibriados
Nemelex Xobeh
Okawaru
Ru
Sif Muna
Trog
Wu Jian
Yredelemnul
Zin

Shops:
D:2 [[!

Annotations:
D:7 1 runed translucent door, Crazy Yiuf


Message History

The bolt of electricity hits you!
The electric eel shoots out a bolt of lightning at you!
The bolt of electricity hits you!
20682 ||| FLEEEEING.
Really rest while Zot is near?
The electric eel shoots out a bolt of lightning at you!
The bolt of electricity hits you!
Ouch! That really hurt!
The electric eel shoots out a bolt of lightning at you!
The bolt of electricity hits you.
The electric eel shoots out a bolt of lightning at you!
The bolt of electricity hits you!
20701 ||| FLEEEEING.
Really rest while Zot is near?
Really rest while Zot is near?
Really rest while Zot is near?
Really rest while Zot is near?
Really rest while Zot is near?
Really rest while Zot is near?
The electric eel shoots out a bolt of lightning at you!
The bolt of electricity hits you.
The electric eel shoots out a bolt of lightning at you!
The bolt of electricity hits you.
20727 ||| FLEEEEING.
Really rest while Zot is near?
The electric eel shoots out a bolt of lightning at you!
The bolt of electricity hits you!
Ouch! That really hurt!
The electric eel shoots out a bolt of lightning at you!
The bolt of electricity hits you.
20738 ||| FLEEEEING.
Really rest while Zot is near?
Really rest while Zot is near?
The electric eel shoots out a bolt of lightning at you!
The bolt of electricity hits you!
Ouch! That really hurt!
The electric eel shoots out a bolt of lightning at you!
The bolt of electricity hits you!
Ouch! That really hurt!
You die...

.#.##.##........#....#...... .
.########......#..#P.##.....P
.##.####...........P+.........
............................
............................
............................
............................
..........................#
...####.........@..#..####.
...# ####....###.#####
..########...## ##.# ..#
#..#.....## #.#
..###.........# ...
...##..#......###....
..###..#.P...+.....#.S ..#
#.####....#P####SS. ..# ###
##....### #~~.


You could see 3 electric eels.

Vanquished Creatures
  Sonja (Lair:2)
  A black mamba (Lair:1)
  Joseph (D:8)
  A torpor snail (Lair:1)
  3 cane toads
  3 komodo dragons
  A troll (D:6)
  4 dream sheep (Lair:1)
  26 yaks
  3 basilisks (Lair:1)
  A steam dragon (Lair:2)
  Menkaure (D:4)
  4 water moccasins
  An ice beast (D:6)
  A sky beast (D:7)
  A black bear (D:6)
  Pargi (D:3)
  5 wolves (Lair:1)
  3 centaurs
  A phantom (D:6)
  5 bullfrogs
  A necrophage (D:5)
  2 gnoll sergeants (D:8)
  A water moccasin zombie (D:5)
  3 scorpions
  6 wights
  An electric eel (Lair:1)
  5 vampire bats (D:5)
  3 howler monkeys
  A bullfrog zombie (D:5)
  2 centaur zombies (D:5)
  A human zombie (D:5)
  A gnoll bouda (D:8)
  3 hounds
  5 jellies
  5 orc priests
  4 iguanas (D:7)
  An orc wizard (D:4)
  2 scorpion zombies (D:5)
  A hound zombie (D:5)
  13 mummies
  A howler monkey zombie (D:5)
  16 gnolls
  12 adders
  3 white imps
  3 ufetubi
  3 worms
  A dart slug (D:1)
  18 orcs
  7 ball pythons
  11 bats
  7 endoplasms
  8 giant cockroaches
  9 goblins
  6 hobgoblins
  4 jackals (D:4)
  12 kobolds
  8 frilled lizards
  A gnoll skeleton (Ossuary)
  4 goblin skeletons (Ossuary)
  2 kobold skeletons (Ossuary)
  An orc skeleton (Ossuary)
  8 rats
  11 rat skeletons (Ossuary)
  A rat zombie (D:6)
286 creatures vanquished.

Vanquished Creatures (others)
  5 fungi
  52 plants
57 creatures vanquished.

Grand Total: 343 creatures vanquished

Notes
Turn   | Place    | Note
-------+----------+-------------------------------------------
     0 | D:1      | qw the Troll Cinder Acolyte began the quest for the Orb.
     0 | D:1      | Reached XP level 1. HP: 22/22 MP: 1/1
     0 | D:1      | 0 ||| qw: Version: 0.1-a-97-g2dd2ca4
     0 | D:1      | 0 ||| qw: Game counter: 4836
     0 | D:1      | 0 ||| qw: Always use a shield: true
     0 | D:1      | 0 ||| qw: God list: Okawaru
     0 | D:1      | 0 ||| qw: Allow faded altars: false
     0 | D:1      | 0 ||| qw: Do Orc after D:15 true
     0 | D:1      | 0 ||| qw: Do second Lair branch before Depths: true
     0 | D:1      | 0 ||| qw: Lair rune preference: random
     0 | D:1      | 0 ||| qw: Plans: Normal
     0 | D:1      | 0 ||| PLANNING D:1-11
    77 | D:1      | 77 ||| Stepping ~*~*~tactically~*~*~ (outnumbered).
    78 | D:1      | 78 ||| Stepping ~*~*~tactically~*~*~ (outnumbered).
    79 | D:1      | 79 ||| Stepping ~*~*~tactically~*~*~ (outnumbered).
    80 | D:1      | 80 ||| Stepping ~*~*~tactically~*~*~ (outnumbered).
   253 | D:1      | Reached XP level 2. HP: 29/29 MP: 2/2
   498 | D:1      | Reached skill level 4 in Unarmed Combat
   883 | D:1      | 883 ||| DROPPING scarf of harm.
   884 | D:1      | 884 ||| READING scroll labelled JYLLUG HIHID.
   885 | D:1      | 885 ||| READING scroll labelled CEWKIO MIBLENGOTIA.
   886 | D:1      | 886 ||| READING 2 scrolls labelled AFEUJ ZET.
   889 | D:1      | 889 ||| READING scroll labelled GIZIANACUEL.
   890 | D:1      | 890 ||| READING scroll labelled QATUZE UDWU.
   891 | D:1      | 891 ||| READING scroll labelled QOASTR TOGINUPU.
   892 | D:1      | 892 ||| READING scroll labelled VUALEY SON REL.
   893 | D:1      | 893 ||| READING scroll labelled EPTATHR NUMYO.
   894 | D:1      | 894 ||| DRINKING 2 emerald potions.
   930 | D:2      | 930 ||| INVOKING Fiery Armour.
   932 | D:2      | 932 ||| Stepping ~*~*~tactically~*~*~ (outnumbered).
   934 | D:2      | 934 ||| Stepping ~*~*~tactically~*~*~ (outnumbered).
   936 | D:2      | Reached XP level 3. HP: 20/36 MP: 3/3
   936 | D:2      | 936 ||| Stepping ~*~*~tactically~*~*~ (outnumbered).
   937 | D:2      | 937 ||| Stepping ~*~*~tactically~*~*~ (outnumbered).
   941 | D:2      | 941 ||| Stepping ~*~*~tactically~*~*~ (outnumbered).
   942 | D:2      | 942 ||| Stepping ~*~*~tactically~*~*~ (hiding).
   946 | D:2      | Reached skill level 5 in Unarmed Combat
   946 | D:2      | Reached XP level 4. HP: 20/44 MP: 4/4
   980 | D:2      | 980 ||| Stepping ~*~*~tactically~*~*~ (stealth).
  1011 | D:2      | 1011 ||| Stepping ~*~*~tactically~*~*~ (stealth).
  1012 | D:2      | 1012 ||| Stepping ~*~*~tactically~*~*~ (stealth).
  1060 | D:2      | 1060 ||| Stepping ~*~*~tactically~*~*~ (stealth).
  1081 | D:2      | Found Suhat's Armour Boutique.
  1115 | D:2      | Found Cyxt's Antique Armour Boutique.
  1122 | D:2      | 1122 ||| SHOPLISTING sheer robe (119 gold, have 32).
  1272 | D:2      | Found Lunnuon's Distillery.
  1277 | D:2      | 1277 ||| BUYING potion of curing (42 gold).
  1277 | D:2      | Bought a potion of curing for 42 gold pieces
  1277 | D:2      | 1277 ||| SHOPLISTING potion of curing (42 gold, have 8).
  1277 | D:2      | 1277 ||| SHOPLISTING potion of heal wounds (70 gold, have
                  | 8).
  1277 | D:2      | 1277 ||| SHOPLISTING potion of mutation (112 gold, have 8).
  1339 | D:2      | Found a faded altar of an unknown god.
  1356 | D:2      | 1356 ||| Stepping ~*~*~tactically~*~*~ (stealth).
  1384 | D:2      | Reached XP level 5. HP: 38/50 MP: 5/5
  1384 | D:2      | 1384 ||| Stepping ~*~*~tactically~*~*~ (outnumbered).
  1705 | D:2      | 1705 ||| UPGRADING to +0 cloak.
  1710 | D:2      | 1710 ||| READING scroll labelled QEMIOZOWOSM.
  1711 | D:2      | 1711 ||| READING 2 scrolls labelled ALOGUAXUAPAT.
  1712 | D:2      | 1712 ||| DRINKING 2 glowing blue potions.
  1713 | D:2      | 1713 ||| READING 3 scrolls of identify.
  1713 | D:2      | 1713 ||| IDENTIFYING inky potion
  1714 | D:2      | 1714 ||| READING 2 scrolls of identify.
  1714 | D:2      | 1714 ||| IDENTIFYING ruby potion
  1715 | D:2      | 1715 ||| DROPPING potion of attraction.
  1716 | D:2      | 1716 ||| DROPPING scroll of fear.
  1733 | D:3      | 1733 ||| STAIRDANCE
  1738 | D:3      | 1738 ||| STAIRDANCE
  1822 | D:3      | Reached skill level 6 in Unarmed Combat
  1838 | D:3      | Found an iron altar of Okawaru.
  1868 | D:3      | Noticed Pargi
  1872 | D:3      | Killed Pargi
  1873 | D:3      | Reached skill level 7 in Unarmed Combat
  1873 | D:3      | Reached XP level 6. HP: 56/59 MP: 6/6
  2208 | D:3      | Found a snail-covered altar of Cheibriados.
  2268 | D:3      | 2268 ||| Stepping ~*~*~tactically~*~*~ (stealth).
  2296 | D:3      | 2296 ||| UPGRADING to +0 troll leather armour {Pargi}.
  2306 | D:3      | 2306 ||| DROPPING +0 robe.
  2352 | D:4      | 2352 ||| Stepping ~*~*~tactically~*~*~ (stealth).
  2355 | D:4      | 2355 ||| Stepping ~*~*~tactically~*~*~ (hiding).
  2358 | D:4      | 2358 ||| Stepping ~*~*~tactically~*~*~ (stealth).
  2480 | D:4      | Found a staircase to the Ecumenical Temple.
  2530 | D:4      | Reached skill level 8 in Unarmed Combat
  2550 | D:4      | Reached XP level 7. HP: 66/66 MP: 7/7
  2564 | D:4      | 2564 ||| Stepping ~*~*~tactically~*~*~ (stealth).
  2599 | D:4      | Reached skill level 3 in Fighting
  2623 | D:4      | 2623 ||| FLEEEEING.
  2757 | D:4      | 2757 ||| Stepping ~*~*~tactically~*~*~ (stealth).
  2784 | D:4      | Found an ornate altar of the Wu Jian Council.
  2785 | D:4      | Noticed Menkaure
  2786 | D:4      | 2786 ||| Stepping ~*~*~tactically~*~*~ (hiding).
  2789 | D:4      | Killed Menkaure
  3031 | D:4      | 3031 ||| READING 2 scrolls of identify.
  3031 | D:4      | 3031 ||| IDENTIFYING fizzy inky potion
  3049 | D:5      | Entered Level 5 of the Dungeon
  3050 | D:5      | 3050 ||| PLANNING SEWER
  3123 | D:5      | Reached skill level 9 in Unarmed Combat
  3149 | D:5      | Found a glowing drain.
  3150 | D:5      | 3150 ||| DRINKING 2 clear potions.
  3151 | D:5      | 3151 ||| DROPPING potion of brilliance.
  3158 | D:5      | 3158 ||| READING 4 scrolls of teleportation.
  3195 | D:5      | Reached skill level 1 in Throwing
  3284 | Sewer    | Entered a sewer
  3325 | Sewer    | Reached skill level 1 in Armour
  3325 | Sewer    | Reached XP level 8. HP: 75/75 MP: 8/8
  3411 | Sewer    | 3411 ||| READING 2 scrolls of identify.
  3411 | Sewer    | 3411 ||| IDENTIFYING brown potion
  3412 | Sewer    | 3412 ||| DROPPING potion of flight.
  3426 | D:5      | 3426 ||| PLANNING D:1-11
  3457 | D:5      | Found a basalt altar of Yredelemnul.
  3480 | D:5      | 3480 ||| Stepping ~*~*~tactically~*~*~ (outnumbered).
  3499 | D:5      | 3499 ||| INVOKING Fiery Armour.
  3533 | D:5      | Reached skill level 10 in Unarmed Combat
  3722 | D:5      | Reached skill level 1 in Dodging
  3743 | D:5      | Found a sparkling altar of Nemelex Xobeh.
  3777 | D:5      | 3777 ||| Stepping ~*~*~tactically~*~*~ (outnumbered).
  3779 | D:5      | 3779 ||| Stepping ~*~*~tactically~*~*~ (outnumbered).
  3942 | D:5      | Found a glowing silver altar of Zin.
  4148 | D:5      | 4148 ||| READING 3 scrolls of identify.
  4148 | D:5      | 4148 ||| IDENTIFYING sedimented inky potion
  4149 | D:5      | 4149 ||| DROPPING potion of lignification.
  4223 | D:6      | 4223 ||| PLANNING OSSUARY
  4439 | D:6      | Found a shimmering blue altar of Sif Muna.
  4487 | D:6      | Reached XP level 9. HP: 84/84 MP: 9/9
  4489 | D:6      | 4489 ||| Stepping ~*~*~tactically~*~*~ (stealth).
  4491 | D:6      | 4491 ||| Stepping ~*~*~tactically~*~*~ (stealth).
  4518 | D:6      | Noticed a troll
  4526 | D:6      | Killed a troll
  4527 | D:6      | Reached skill level 11 in Unarmed Combat
  4707 | D:6      | Found a sand-covered staircase.
  4708 | D:6      | 4708 ||| UPGRADING to ring of protection from fire.
  4709 | D:6      | 4709 ||| READING scroll labelled NIN CIS VUIPEGHE.
  4718 | Ossuary  | Entered an ossuary
  4816 | Ossuary  | 4816 ||| INVOKING Fiery Armour.
  4843 | Ossuary  | 4843 ||| READING scroll of enchant armour.
  4843 | Ossuary  | 4843 ||| ENCHANTING +0 cloak.
  5059 | Ossuary  | 5059 ||| READING scroll labelled FOEMED HITUDIM.
  5060 | Ossuary  | 5060 ||| READING scroll labelled NORYIB LYDIMU.
  5061 | Ossuary  | 5061 ||| READING scroll labelled ZUEMUHI SAHAONN.
  5062 | Ossuary  | 5062 ||| DRINKING 2 fizzy orange potions.
  5063 | Ossuary  | 5063 ||| DROPPING potion of invisibility.
  5064 | Ossuary  | 5064 ||| READING 5 scrolls of teleportation.
  5088 | D:6      | 5088 ||| PLANNING D:1-11
  5092 | D:6      | 5092 ||| Stepping ~*~*~tactically~*~*~ (stealth).
  5093 | D:6      | 5093 ||| Stepping ~*~*~tactically~*~*~ (stealth).
  5095 | D:6      | 5095 ||| Stepping ~*~*~tactically~*~*~ (stealth).
  5097 | D:6      | 5097 ||| Stepping ~*~*~tactically~*~*~ (stealth).
  5099 | D:6      | 5099 ||| Stepping ~*~*~tactically~*~*~ (stealth).
  5357 | D:7      | Reached skill level 12 in Unarmed Combat
  5385 | D:7      | Noticed a komodo dragon
  5386 | D:7      | 5386 ||| Stepping ~*~*~tactically~*~*~ (stealth).
  5391 | D:7      | 5391 ||| Stepping ~*~*~tactically~*~*~ (stealth).
  5393 | D:7      | 5393 ||| Stepping ~*~*~tactically~*~*~ (stealth).
  5394 | D:7      | 5394 ||| Stepping ~*~*~tactically~*~*~ (stealth).
  5395 | D:7      | 5395 ||| Stepping ~*~*~tactically~*~*~ (stealth).
  5399 | D:7      | 5399 ||| Stepping ~*~*~tactically~*~*~ (outnumbered).
  5402 | D:7      | 5402 ||| Stepping ~*~*~tactically~*~*~ (outnumbered).
  5403 | D:7      | 5403 ||| Stepping ~*~*~tactically~*~*~ (outnumbered).
  5406 | D:7      | 5406 ||| Stepping ~*~*~tactically~*~*~ (outnumbered).
  5409 | D:7      | Killed a komodo dragon
  5410 | D:7      | 5410 ||| FLEEEEING.
  5411 | D:7      | 5411 ||| FLEEEEING.
  5412 | D:7      | 5412 ||| FLEEEEING.
  5413 | D:7      | 5413 ||| FLEEEEING.
  5414 | D:7      | 5414 ||| STAIRDANCE
  5430 | D:7      | 5430 ||| STAIRDANCE
  5488 | D:7      | 5488 ||| Stepping ~*~*~tactically~*~*~ (outnumbered).
  5489 | D:7      | 5489 ||| Stepping ~*~*~tactically~*~*~ (outnumbered).
  5490 | D:7      | 5490 ||| Stepping ~*~*~tactically~*~*~ (outnumbered).
  5491 | D:7      | 5491 ||| Stepping ~*~*~tactically~*~*~ (outnumbered).
  5492 | D:7      | 5492 ||| Stepping ~*~*~tactically~*~*~ (outnumbered).
  5493 | D:7      | 5493 ||| Stepping ~*~*~tactically~*~*~ (outnumbered).
  5494 | D:7      | 5494 ||| Stepping ~*~*~tactically~*~*~ (outnumbered).
  5638 | D:7      | 5638 ||| Stepping ~*~*~tactically~*~*~ (hiding).
  5639 | D:7      | 5639 ||| Stepping ~*~*~tactically~*~*~ (hiding).
  5863 | D:7      | 5863 ||| Stepping ~*~*~tactically~*~*~ (hiding).
  6079 | D:7      | Found a runed translucent door.
  6080 | D:7      | Noticed Crazy Yiuf
  6188 | D:7      | Reached skill level 3 in Throwing
  6282 | D:7      | 6282 ||| UPGRADING to ring of resist corrosion.
  6283 | D:7      | 6283 ||| READING 7 scrolls of identify.
  6283 | D:7      | 6283 ||| IDENTIFYING pink potion
  6284 | D:7      | 6284 ||| DROPPING potion of degeneration.
  6390 | D:8      | 6390 ||| Stepping ~*~*~tactically~*~*~ (stealth).
  6394 | D:8      | 6394 ||| Stepping ~*~*~tactically~*~*~ (outnumbered).
  6395 | D:8      | 6395 ||| Stepping ~*~*~tactically~*~*~ (outnumbered).
  6420 | D:8      | Found a sacrificial altar of Ru.
  6459 | D:8      | Found a bloodstained altar of Trog.
  6461 | D:8      | Noticed Joseph
  6463 | D:8      | 6463 ||| FLEEEEING.
  6464 | D:8      | 6464 ||| FLEEEEING.
  6465 | D:8      | 6465 ||| FLEEEEING.
  6466 | D:8      | 6466 ||| FLEEEEING.
  6467 | D:8      | 6467 ||| FLEEEEING.
  6468 | D:8      | 6468 ||| FLEEEEING.
  6469 | D:8      | 6469 ||| FLEEEEING.
  6475 | D:8      | 6475 ||| FLEEEEING.
  6476 | D:8      | 6476 ||| FLEEEEING.
  6488 | D:8      | Killed Joseph
  6489 | D:8      | Reached XP level 10. HP: 89/96 MP: 10/10
  6508 | D:8      | 6508 ||| FLEEEEING.
  6509 | D:8      | 6509 ||| FLEEEEING.
  6510 | D:8      | 6510 ||| FLEEEEING.
  6512 | D:8      | 6512 ||| FLEEEEING.
  6513 | D:8      | 6513 ||| FLEEEEING.
  6514 | D:8      | 6514 ||| FLEEEEING.
  6572 | D:8      | Reached skill level 13 in Unarmed Combat
  6630 | D:8      | Found a staircase to the Lair.
  6725 | D:8      | 6725 ||| Stepping ~*~*~tactically~*~*~ (hiding).
  6728 | D:8      | 6728 ||| Stepping ~*~*~tactically~*~*~ (outnumbered).
  7288 | D:8      | 7288 ||| PLANNING LAIR
  7288 | D:8      | 7288 ||| UPGRADING to +1 hat.
  7360 | Lair:1   | Entered Level 1 of the Lair of Beasts
  7360 | Lair:1   | Found an ornate altar of the Wu Jian Council.
  7493 | Lair:1   | 7493 ||| Stepping ~*~*~tactically~*~*~ (outnumbered).
  7494 | Lair:1   | 7494 ||| Stepping ~*~*~tactically~*~*~ (outnumbered).
  7495 | Lair:1   | 7495 ||| Stepping ~*~*~tactically~*~*~ (outnumbered).
  7496 | Lair:1   | 7496 ||| Stepping ~*~*~tactically~*~*~ (outnumbered).
  7500 | Lair:1   | Reached skill level 14 in Unarmed Combat
  7503 | Lair:1   | 7503 ||| Stepping ~*~*~tactically~*~*~ (outnumbered).
  7567 | Lair:1   | 7567 ||| Stepping ~*~*~tactically~*~*~ (stealth).
  7582 | Lair:1   | 7582 ||| INVOKING Fiery Armour.
  7583 | Lair:1   | 7583 ||| Stepping ~*~*~tactically~*~*~ (outnumbered).
  7594 | Lair:1   | Reached skill level 6 in Fighting
  7594 | Lair:1   | 7594 ||| Stepping ~*~*~tactically~*~*~ (outnumbered).
  7634 | Lair:1   | Reached XP level 11. HP: 105/105 MP: 11/11
  7677 | Lair:1   | 7677 ||| Stepping ~*~*~tactically~*~*~ (stealth).
  7680 | Lair:1   | Reached skill level 15 in Unarmed Combat
  7883 | Lair:1   | 7883 ||| Stepping ~*~*~tactically~*~*~ (hiding).
  7884 | Lair:1   | 7884 ||| Stepping ~*~*~tactically~*~*~ (hiding).
  7993 | Lair:1   | 7993 ||| Stepping ~*~*~tactically~*~*~ (outnumbered).
  7994 | Lair:1   | 7994 ||| Stepping ~*~*~tactically~*~*~ (outnumbered).
  7995 | Lair:1   | 7995 ||| Stepping ~*~*~tactically~*~*~ (outnumbered).
  7996 | Lair:1   | 7996 ||| Stepping ~*~*~tactically~*~*~ (outnumbered).
  7997 | Lair:1   | 7997 ||| Stepping ~*~*~tactically~*~*~ (outnumbered).
  8001 | Lair:1   | 8001 ||| Stepping ~*~*~tactically~*~*~ (outnumbered).
  8002 | Lair:1   | 8002 ||| Stepping ~*~*~tactically~*~*~ (outnumbered).
  8003 | Lair:1   | 8003 ||| Stepping ~*~*~tactically~*~*~ (outnumbered).
  8004 | Lair:1   | 8004 ||| Stepping ~*~*~tactically~*~*~ (outnumbered).
  8005 | Lair:1   | 8005 ||| Stepping ~*~*~tactically~*~*~ (outnumbered).
  8006 | Lair:1   | 8006 ||| Stepping ~*~*~tactically~*~*~ (outnumbered).
  8007 | Lair:1   | 8007 ||| Stepping ~*~*~tactically~*~*~ (outnumbered).
  8008 | Lair:1   | 8008 ||| Stepping ~*~*~tactically~*~*~ (outnumbered).
  8009 | Lair:1   | 8009 ||| Stepping ~*~*~tactically~*~*~ (outnumbered).
  8011 | Lair:1   | 8011 ||| Stepping ~*~*~tactically~*~*~ (outnumbered).
  8015 | Lair:1   | 8015 ||| INVOKING Fiery Armour.
  8163 | Lair:1   | Reached skill level 16 in Unarmed Combat
  8540 | Lair:1   | 8540 ||| UPGRADING to +4 ring of evasion.
  8542 | Lair:1   | 8542 ||| UPGRADING to ring of protection from fire.
  8544 | Lair:1   | 8544 ||| READING 7 scrolls of identify.
  8544 | Lair:1   | 8544 ||| IDENTIFYING smoky yellow potion
  8593 | Lair:2   | Noticed Sonja
  8594 | Lair:2   | 8594 ||| INVOKING Fiery Armour.
  8609 | Lair:2   | Killed Sonja
  8669 | Lair:2   | Found a staircase to the Swamp.
  8694 | Lair:2   | Found a hole to the Spider Nest.
  9139 | Lair:2   | 9139 ||| Stepping ~*~*~tactically~*~*~ (stealth).
  9141 | Lair:2   | 9141 ||| Stepping ~*~*~tactically~*~*~ (hiding).
  9193 | Lair:2   | 9193 ||| FLEEEEING.
  9194 | Lair:2   | 9194 ||| FLEEEEING.
  9195 | Lair:2   | 9195 ||| FLEEEEING.
  9209 | Lair:2   | 9209 ||| INVOKING Fiery Armour.
  9210 | Lair:2   | 9210 ||| Stepping ~*~*~tactically~*~*~ (outnumbered).
  9213 | Lair:2   | 9213 ||| Stepping ~*~*~tactically~*~*~ (outnumbered).
  9215 | Lair:2   | 9215 ||| Stepping ~*~*~tactically~*~*~ (outnumbered).
  9217 | Lair:2   | 9217 ||| Stepping ~*~*~tactically~*~*~ (outnumbered).
  9223 | Lair:2   | 9223 ||| FLEEEEING.
  9231 | Lair:2   | 9231 ||| Stepping ~*~*~tactically~*~*~ (outnumbered).
  9233 | Lair:2   | 9233 ||| FLEEEEING.
  9242 | Lair:2   | 9242 ||| Stepping ~*~*~tactically~*~*~ (outnumbered).
  9247 | Lair:2   | 9247 ||| Stepping ~*~*~tactically~*~*~ (outnumbered).
  9252 | Lair:2   | 9252 ||| Stepping ~*~*~tactically~*~*~ (outnumbered).
  9258 | Lair:2   | 9258 ||| FLEEEEING.
  9267 | Lair:2   | 9267 ||| Stepping ~*~*~tactically~*~*~ (outnumbered).
  9271 | Lair:2   | 9271 ||| FLEEEEING.
  9278 | Lair:2   | 9278 ||| Stepping ~*~*~tactically~*~*~ (outnumbered).
  9283 | Lair:2   | 9283 ||| Stepping ~*~*~tactically~*~*~ (outnumbered).
  9288 | Lair:2   | 9288 ||| Stepping ~*~*~tactically~*~*~ (outnumbered).
  9290 | Lair:2   | 9290 ||| Stepping ~*~*~tactically~*~*~ (outnumbered).
  9297 | Lair:2   | 9297 ||| Stepping ~*~*~tactically~*~*~ (outnumbered).
  9302 | Lair:2   | 9302 ||| Stepping ~*~*~tactically~*~*~ (outnumbered).
  9304 | Lair:2   | 9304 ||| Stepping ~*~*~tactically~*~*~ (outnumbered).
  9308 | Lair:2   | 9308 ||| FLEEEEING.
  9319 | Lair:2   | 9319 ||| Stepping ~*~*~tactically~*~*~ (outnumbered).
  9321 | Lair:2   | 9321 ||| Stepping ~*~*~tactically~*~*~ (outnumbered).
  9324 | Lair:2   | 9324 ||| Stepping ~*~*~tactically~*~*~ (outnumbered).
  9327 | Lair:2   | 9327 ||| INVOKING Fiery Armour.
  9328 | Lair:2   | 9328 ||| Stepping ~*~*~tactically~*~*~ (outnumbered).
  9334 | Lair:2   | 9334 ||| FLEEEEING.
  9357 | Lair:2   | 9357 ||| Stepping ~*~*~tactically~*~*~ (outnumbered).
  9359 | Lair:2   | 9359 ||| Stepping ~*~*~tactically~*~*~ (outnumbered).
  9363 | Lair:2   | 9363 ||| FLEEEEING.
  9372 | Lair:2   | 9372 ||| Stepping ~*~*~tactically~*~*~ (outnumbered).
  9374 | Lair:2   | 9374 ||| FLEEEEING.
  9381 | Lair:2   | 9381 ||| FLEEEEING.
  9400 | Lair:2   | 9400 ||| FLEEEEING.
  9420 | Lair:2   | 9420 ||| FLEEEEING.
  9430 | Lair:2   | 9430 ||| Stepping ~*~*~tactically~*~*~ (outnumbered).
  9432 | Lair:2   | 9432 ||| FLEEEEING.
  9441 | Lair:2   | 9441 ||| Stepping ~*~*~tactically~*~*~ (outnumbered).
  9443 | Lair:2   | 9443 ||| Stepping ~*~*~tactically~*~*~ (outnumbered).
  9445 | Lair:2   | 9445 ||| FLEEEEING.
  9460 | Lair:2   | 9460 ||| INVOKING Fiery Armour.
  9461 | Lair:2   | 9461 ||| FLEEEEING.
  9477 | Lair:2   | 9477 ||| FLEEEEING.
  9495 | Lair:2   | 9495 ||| Stepping ~*~*~tactically~*~*~ (outnumbered).
  9499 | Lair:2   | 9499 ||| Stepping ~*~*~tactically~*~*~ (outnumbered).
  9505 | Lair:2   | 9505 ||| FLEEEEING.
  9515 | Lair:2   | 9515 ||| FLEEEEING.
  9537 | Lair:2   | 9537 ||| FLEEEEING.
  9544 | Lair:2   | 9544 ||| Stepping ~*~*~tactically~*~*~ (outnumbered).
  9550 | Lair:2   | 9550 ||| Stepping ~*~*~tactically~*~*~ (outnumbered).
  9556 | Lair:2   | 9556 ||| Stepping ~*~*~tactically~*~*~ (outnumbered).
  9558 | Lair:2   | 9558 ||| Stepping ~*~*~tactically~*~*~ (outnumbered).
  9561 | Lair:2   | 9561 ||| Stepping ~*~*~tactically~*~*~ (outnumbered).
  9564 | Lair:2   | 9564 ||| Stepping ~*~*~tactically~*~*~ (outnumbered).
  9570 | Lair:2   | 9570 ||| FLEEEEING.
  9579 | Lair:2   | 9579 ||| Stepping ~*~*~tactically~*~*~ (outnumbered).
  9581 | Lair:2   | 9581 ||| FLEEEEING.
  9588 | Lair:2   | 9588 ||| INVOKING Fiery Armour.
  9589 | Lair:2   | 9589 ||| Stepping ~*~*~tactically~*~*~ (outnumbered).
  9591 | Lair:2   | 9591 ||| FLEEEEING.
  9599 | Lair:2   | 9599 ||| Stepping ~*~*~tactically~*~*~ (outnumbered).
  9604 | Lair:2   | 9604 ||| Stepping ~*~*~tactically~*~*~ (outnumbered).
  9606 | Lair:2   | 9606 ||| Stepping ~*~*~tactically~*~*~ (outnumbered).
  9608 | Lair:2   | 9608 ||| Stepping ~*~*~tactically~*~*~ (outnumbered).
  9610 | Lair:2   | 9610 ||| Stepping ~*~*~tactically~*~*~ (outnumbered).
  9612 | Lair:2   | 9612 ||| FLEEEEING.
  9638 | Lair:2   | 9638 ||| Stepping ~*~*~tactically~*~*~ (outnumbered).
  9640 | Lair:2   | 9640 ||| FLEEEEING.
  9647 | Lair:2   | 9647 ||| Stepping ~*~*~tactically~*~*~ (outnumbered).
  9653 | Lair:2   | 9653 ||| Stepping ~*~*~tactically~*~*~ (outnumbered).
  9660 | Lair:2   | 9660 ||| FLEEEEING.
  9672 | Lair:2   | 9672 ||| Stepping ~*~*~tactically~*~*~ (outnumbered).
  9676 | Lair:2   | 9676 ||| Stepping ~*~*~tactically~*~*~ (outnumbered).
  9678 | Lair:2   | 9678 ||| Stepping ~*~*~tactically~*~*~ (outnumbered).
  9682 | Lair:2   | 9682 ||| Stepping ~*~*~tactically~*~*~ (outnumbered).
  9687 | Lair:2   | 9687 ||| FLEEEEING.
  9694 | Lair:2   | 9694 ||| Stepping ~*~*~tactically~*~*~ (outnumbered).
  9696 | Lair:2   | 9696 ||| Stepping ~*~*~tactically~*~*~ (outnumbered).
  9698 | Lair:2   | 9698 ||| Stepping ~*~*~tactically~*~*~ (outnumbered).
  9704 | Lair:2   | 9704 ||| FLEEEEING.
  9713 | Lair:2   | 9713 ||| Stepping ~*~*~tactically~*~*~ (outnumbered).
  9715 | Lair:2   | 9715 ||| FLEEEEING.
  9726 | Lair:2   | 9726 ||| INVOKING Fiery Armour.
  9727 | Lair:2   | 9727 ||| Stepping ~*~*~tactically~*~*~ (outnumbered).
  9730 | Lair:2   | 9730 ||| Stepping ~*~*~tactically~*~*~ (outnumbered).
  9733 | Lair:2   | 9733 ||| Stepping ~*~*~tactically~*~*~ (outnumbered).
  9735 | Lair:2   | 9735 ||| Stepping ~*~*~tactically~*~*~ (outnumbered).
  9737 | Lair:2   | 9737 ||| FLEEEEING.
  9746 | Lair:2   | 9746 ||| Stepping ~*~*~tactically~*~*~ (outnumbered).
  9750 | Lair:2   | 9750 ||| Stepping ~*~*~tactically~*~*~ (outnumbered).
  9752 | Lair:2   | 9752 ||| FLEEEEING.
  9772 | Lair:2   | 9772 ||| FLEEEEING.
  9789 | Lair:2   | 9789 ||| FLEEEEING.
  9797 | Lair:2   | 9797 ||| Stepping ~*~*~tactically~*~*~ (outnumbered).
  9799 | Lair:2   | 9799 ||| Stepping ~*~*~tactically~*~*~ (outnumbered).
  9801 | Lair:2   | 9801 ||| Stepping ~*~*~tactically~*~*~ (outnumbered).
  9808 | Lair:2   | 9808 ||| Stepping ~*~*~tactically~*~*~ (outnumbered).
  9812 | Lair:2   | 9812 ||| Stepping ~*~*~tactically~*~*~ (outnumbered).
  9814 | Lair:2   | 9814 ||| Stepping ~*~*~tactically~*~*~ (outnumbered).
  9816 | Lair:2   | 9816 ||| FLEEEEING.
  9832 | Lair:2   | 9832 ||| Stepping ~*~*~tactically~*~*~ (outnumbered).
  9836 | Lair:2   | 9836 ||| FLEEEEING.
  9847 | Lair:2   | 9847 ||| FLEEEEING.
  9863 | Lair:2   | 9863 ||| FLEEEEING.
  9874 | Lair:2   | 9874 ||| FLEEEEING.
  9888 | Lair:2   | 9888 ||| FLEEEEING.
  9898 | Lair:2   | 9898 ||| INVOKING Fiery Armour.
  9899 | Lair:2   | 9899 ||| FLEEEEING.
  9907 | Lair:2   | 9907 ||| Stepping ~*~*~tactically~*~*~ (outnumbered).
  9913 | Lair:2   | 9913 ||| Stepping ~*~*~tactically~*~*~ (outnumbered).
  9915 | Lair:2   | 9915 ||| Stepping ~*~*~tactically~*~*~ (outnumbered).
  9920 | Lair:2   | 9920 ||| Stepping ~*~*~tactically~*~*~ (outnumbered).
  9927 | Lair:2   | 9927 ||| Stepping ~*~*~tactically~*~*~ (outnumbered).
  9932 | Lair:2   | 9932 ||| FLEEEEING.
  9951 | Lair:2   | 9951 ||| Stepping ~*~*~tactically~*~*~ (outnumbered).
  9954 | Lair:2   | 9954 ||| Stepping ~*~*~tactically~*~*~ (outnumbered).
  9959 | Lair:2   | 9959 ||| Stepping ~*~*~tactically~*~*~ (outnumbered).
  9962 | Lair:2   | 9962 ||| Stepping ~*~*~tactically~*~*~ (outnumbered).
  9964 | Lair:2   | 9964 ||| Stepping ~*~*~tactically~*~*~ (outnumbered).
  9966 | Lair:2   | 9966 ||| FLEEEEING.
  9978 | Lair:2   | 9978 ||| FLEEEEING.
  9985 | Lair:2   | 9985 ||| FLEEEEING.
 10005 | Lair:2   | 10005 ||| FLEEEEING.
 10016 | Lair:2   | 10016 ||| FLEEEEING.
 10027 | Lair:2   | 10027 ||| FLEEEEING.
 10043 | Lair:2   | 10043 ||| FLEEEEING.
 10058 | Lair:2   | 10058 ||| INVOKING Fiery Armour.
 10059 | Lair:2   | 10059 ||| Stepping ~*~*~tactically~*~*~ (outnumbered).
 10065 | Lair:2   | 10065 ||| Stepping ~*~*~tactically~*~*~ (outnumbered).
 10069 | Lair:2   | 10069 ||| Stepping ~*~*~tactically~*~*~ (outnumbered).
 10073 | Lair:2   | 10073 ||| Stepping ~*~*~tactically~*~*~ (outnumbered).
 10075 | Lair:2   | 10075 ||| Stepping ~*~*~tactically~*~*~ (outnumbered).
 10077 | Lair:2   | 10077 ||| Stepping ~*~*~tactically~*~*~ (outnumbered).
 10079 | Lair:2   | 10079 ||| Stepping ~*~*~tactically~*~*~ (outnumbered).
 10081 | Lair:2   | 10081 ||| FLEEEEING.
 10091 | Lair:2   | 10091 ||| Stepping ~*~*~tactically~*~*~ (outnumbered).
 10093 | Lair:2   | 10093 ||| Stepping ~*~*~tactically~*~*~ (outnumbered).
 10100 | Lair:2   | 10100 ||| FLEEEEING.
 10108 | Lair:2   | 10108 ||| Stepping ~*~*~tactically~*~*~ (outnumbered).
 10112 | Lair:2   | 10112 ||| Stepping ~*~*~tactically~*~*~ (outnumbered).
 10114 | Lair:2   | 10114 ||| FLEEEEING.
 10131 | Lair:2   | 10131 ||| Stepping ~*~*~tactically~*~*~ (outnumbered).
 10133 | Lair:2   | 10133 ||| Stepping ~*~*~tactically~*~*~ (outnumbered).
 10135 | Lair:2   | 10135 ||| Stepping ~*~*~tactically~*~*~ (outnumbered).
 10140 | Lair:2   | 10140 ||| Stepping ~*~*~tactically~*~*~ (outnumbered).
 10145 | Lair:2   | 10145 ||| Stepping ~*~*~tactically~*~*~ (outnumbered).
 10151 | Lair:2   | 10151 ||| FLEEEEING.
 10161 | Lair:2   | 10161 ||| Stepping ~*~*~tactically~*~*~ (outnumbered).
 10167 | Lair:2   | 10167 ||| FLEEEEING.
 10178 | Lair:2   | 10178 ||| Stepping ~*~*~tactically~*~*~ (outnumbered).
 10185 | Lair:2   | 10185 ||| Stepping ~*~*~tactically~*~*~ (outnumbered).
 10187 | Lair:2   | 10187 ||| Stepping ~*~*~tactically~*~*~ (outnumbered).
 10189 | Lair:2   | 10189 ||| Stepping ~*~*~tactically~*~*~ (outnumbered).
 10194 | Lair:2   | 10194 ||| FLEEEEING.
 10214 | Lair:2   | 10214 ||| Stepping ~*~*~tactically~*~*~ (outnumbered).
 10220 | Lair:2   | 10220 ||| Stepping ~*~*~tactically~*~*~ (outnumbered).
 10226 | Lair:2   | 10226 ||| Stepping ~*~*~tactically~*~*~ (outnumbered).
 10228 | Lair:2   | 10228 ||| FLEEEEING.
 10250 | Lair:2   | 10250 ||| Stepping ~*~*~tactically~*~*~ (outnumbered).
 10255 | Lair:2   | 10255 ||| Stepping ~*~*~tactically~*~*~ (outnumbered).
 10262 | Lair:2   | 10262 ||| FLEEEEING.
 10273 | Lair:2   | 10273 ||| FLEEEEING.
 10280 | Lair:2   | 10280 ||| Stepping ~*~*~tactically~*~*~ (outnumbered).
 10285 | Lair:2   | 10285 ||| Stepping ~*~*~tactically~*~*~ (outnumbered).
 10290 | Lair:2   | 10290 ||| FLEEEEING.
 10300 | Lair:2   | 10300 ||| FLEEEEING.
 10307 | Lair:2   | 10307 ||| FLEEEEING.
 10338 | Lair:2   | 10338 ||| Stepping ~*~*~tactically~*~*~ (outnumbered).
 10344 | Lair:2   | 10344 ||| FLEEEEING.
 10354 | Lair:2   | 10354 ||| Stepping ~*~*~tactically~*~*~ (outnumbered).
 10358 | Lair:2   | 10358 ||| FLEEEEING.
 10366 | Lair:2   | 10366 ||| Stepping ~*~*~tactically~*~*~ (outnumbered).
 10368 | Lair:2   | 10368 ||| FLEEEEING.
 10379 | Lair:2   | 10379 ||| FLEEEEING.
 10405 | Lair:2   | 10405 ||| Stepping ~*~*~tactically~*~*~ (outnumbered).
 10411 | Lair:2   | 10411 ||| FLEEEEING.
 10421 | Lair:2   | 10421 ||| Stepping ~*~*~tactically~*~*~ (outnumbered).
 10423 | Lair:2   | 10423 ||| FLEEEEING.
 10430 | Lair:2   | 10430 ||| Stepping ~*~*~tactically~*~*~ (outnumbered).
 10432 | Lair:2   | 10432 ||| FLEEEEING.
 10448 | Lair:2   | 10448 ||| FLEEEEING.
 10455 | Lair:2   | 10455 ||| Stepping ~*~*~tactically~*~*~ (outnumbered).
 10457 | Lair:2   | 10457 ||| FLEEEEING.
 10472 | Lair:2   | 10472 ||| Stepping ~*~*~tactically~*~*~ (outnumbered).
 10474 | Lair:2   | 10474 ||| Stepping ~*~*~tactically~*~*~ (outnumbered).
 10476 | Lair:2   | 10476 ||| Stepping ~*~*~tactically~*~*~ (outnumbered).
 10482 | Lair:2   | 10482 ||| Stepping ~*~*~tactically~*~*~ (outnumbered).
 10484 | Lair:2   | 10484 ||| FLEEEEING.
 10499 | Lair:2   | 10499 ||| Stepping ~*~*~tactically~*~*~ (outnumbered).
 10505 | Lair:2   | 10505 ||| Stepping ~*~*~tactically~*~*~ (outnumbered).
 10507 | Lair:2   | 10507 ||| FLEEEEING.
 10536 | Lair:2   | 10536 ||| Stepping ~*~*~tactically~*~*~ (outnumbered).
 10541 | Lair:2   | 10541 ||| Stepping ~*~*~tactically~*~*~ (outnumbered).
 10547 | Lair:2   | 10547 ||| FLEEEEING.
 10561 | Lair:2   | 10561 ||| FLEEEEING.
 10571 | Lair:2   | 10571 ||| Stepping ~*~*~tactically~*~*~ (outnumbered).
 10577 | Lair:2   | 10577 ||| Stepping ~*~*~tactically~*~*~ (outnumbered).
 10582 | Lair:2   | 10582 ||| Stepping ~*~*~tactically~*~*~ (outnumbered).
 10589 | Lair:2   | 10589 ||| Stepping ~*~*~tactically~*~*~ (outnumbered).
 10591 | Lair:2   | 10591 ||| FLEEEEING.
 10598 | Lair:2   | 10598 ||| FLEEEEING.
 10613 | Lair:2   | 10613 ||| FLEEEEING.
 10630 | Lair:2   | 10630 ||| Stepping ~*~*~tactically~*~*~ (outnumbered).
 10632 | Lair:2   | 10632 ||| FLEEEEING.
 10647 | Lair:2   | 10647 ||| FLEEEEING.
 10670 | Lair:2   | 10670 ||| FLEEEEING.
 10687 | Lair:2   | 10687 ||| FLEEEEING.
 10706 | Lair:2   | 10706 ||| FLEEEEING.
 10718 | Lair:2   | 10718 ||| Stepping ~*~*~tactically~*~*~ (outnumbered).
 10724 | Lair:2   | 10724 ||| FLEEEEING.
 10737 | Lair:2   | 10737 ||| Stepping ~*~*~tactically~*~*~ (outnumbered).
 10743 | Lair:2   | 10743 ||| Stepping ~*~*~tactically~*~*~ (outnumbered).
 10749 | Lair:2   | 10749 ||| Stepping ~*~*~tactically~*~*~ (outnumbered).
 10754 | Lair:2   | 10754 ||| FLEEEEING.
 10771 | Lair:2   | 10771 ||| Stepping ~*~*~tactically~*~*~ (outnumbered).
 10775 | Lair:2   | 10775 ||| Stepping ~*~*~tactically~*~*~ (outnumbered).
 10780 | Lair:2   | 10780 ||| FLEEEEING.
 10807 | Lair:2   | 10807 ||| Stepping ~*~*~tactically~*~*~ (outnumbered).
 10809 | Lair:2   | 10809 ||| Stepping ~*~*~tactically~*~*~ (outnumbered).
 10815 | Lair:2   | 10815 ||| FLEEEEING.
 10831 | Lair:2   | 10831 ||| FLEEEEING.
 10849 | Lair:2   | 10849 ||| Stepping ~*~*~tactically~*~*~ (outnumbered).
 10851 | Lair:2   | 10851 ||| FLEEEEING.
 10859 | Lair:2   | 10859 ||| FLEEEEING.
 10870 | Lair:2   | 10870 ||| FLEEEEING.
 10881 | Lair:2   | 10881 ||| Stepping ~*~*~tactically~*~*~ (outnumbered).
 10887 | Lair:2   | 10887 ||| Stepping ~*~*~tactically~*~*~ (outnumbered).
 10893 | Lair:2   | 10893 ||| Stepping ~*~*~tactically~*~*~ (outnumbered).
 10896 | Lair:2   | 10896 ||| FLEEEEING.
 10909 | Lair:2   | 10909 ||| Stepping ~*~*~tactically~*~*~ (outnumbered).
 10913 | Lair:2   | 10913 ||| FLEEEEING.
 10926 | Lair:2   | 10926 ||| Stepping ~*~*~tactically~*~*~ (outnumbered).
 10928 | Lair:2   | 10928 ||| Stepping ~*~*~tactically~*~*~ (outnumbered).
 10930 | Lair:2   | 10930 ||| Stepping ~*~*~tactically~*~*~ (outnumbered).
 10932 | Lair:2   | 10932 ||| Stepping ~*~*~tactically~*~*~ (outnumbered).
 10938 | Lair:2   | 10938 ||| Stepping ~*~*~tactically~*~*~ (outnumbered).
 10943 | Lair:2   | 10943 ||| FLEEEEING.
 10952 | Lair:2   | 10952 ||| FLEEEEING.
 10962 | Lair:2   | 10962 ||| FLEEEEING.
 10970 | Lair:2   | 10970 ||| Stepping ~*~*~tactically~*~*~ (outnumbered).
 10972 | Lair:2   | 10972 ||| FLEEEEING.
 10981 | Lair:2   | 10981 ||| Stepping ~*~*~tactically~*~*~ (outnumbered).
 10985 | Lair:2   | 10985 ||| FLEEEEING.
 10994 | Lair:2   | 10994 ||| Stepping ~*~*~tactically~*~*~ (outnumbered).
 11000 | Lair:2   | 11000 ||| Stepping ~*~*~tactically~*~*~ (outnumbered).
 11002 | Lair:2   | 11002 ||| FLEEEEING.
 11029 | Lair:2   | 11029 ||| Stepping ~*~*~tactically~*~*~ (outnumbered).
 11036 | Lair:2   | 11036 ||| Stepping ~*~*~tactically~*~*~ (outnumbered).
 11043 | Lair:2   | 11043 ||| Stepping ~*~*~tactically~*~*~ (outnumbered).
 11050 | Lair:2   | 11050 ||| FLEEEEING.
 11059 | Lair:2   | 11059 ||| FLEEEEING.
 11080 | Lair:2   | 11080 ||| Stepping ~*~*~tactically~*~*~ (outnumbered).
 11085 | Lair:2   | 11085 ||| Stepping ~*~*~tactically~*~*~ (outnumbered).
 11087 | Lair:2   | 11087 ||| Stepping ~*~*~tactically~*~*~ (outnumbered).
 11093 | Lair:2   | 11093 ||| Stepping ~*~*~tactically~*~*~ (outnumbered).
 11100 | Lair:2   | 11100 ||| Stepping ~*~*~tactically~*~*~ (outnumbered).
 11103 | Lair:2   | 11103 ||| Stepping ~*~*~tactically~*~*~ (outnumbered).
 11108 | Lair:2   | 11108 ||| Stepping ~*~*~tactically~*~*~ (outnumbered).
 11114 | Lair:2   | 11114 ||| Stepping ~*~*~tactically~*~*~ (outnumbered).
 11116 | Lair:2   | 11116 ||| Stepping ~*~*~tactically~*~*~ (outnumbered).
 11118 | Lair:2   | 11118 ||| FLEEEEING.
 11147 | Lair:2   | 11147 ||| Stepping ~*~*~tactically~*~*~ (outnumbered).
 11149 | Lair:2   | 11149 ||| Stepping ~*~*~tactically~*~*~ (outnumbered).
 11151 | Lair:2   | 11151 ||| FLEEEEING.
 11159 | Lair:2   | 11159 ||| FLEEEEING.
 11174 | Lair:2   | 11174 ||| Stepping ~*~*~tactically~*~*~ (outnumbered).
 11181 | Lair:2   | 11181 ||| Stepping ~*~*~tactically~*~*~ (outnumbered).
 11183 | Lair:2   | 11183 ||| FLEEEEING.
 11190 | Lair:2   | 11190 ||| Stepping ~*~*~tactically~*~*~ (outnumbered).
 11192 | Lair:2   | 11192 ||| Stepping ~*~*~tactically~*~*~ (outnumbered).
 11197 | Lair:2   | 11197 ||| Stepping ~*~*~tactically~*~*~ (outnumbered).
 11199 | Lair:2   | 11199 ||| FLEEEEING.
 11210 | Lair:2   | 11210 ||| Stepping ~*~*~tactically~*~*~ (outnumbered).
 11212 | Lair:2   | 11212 ||| Stepping ~*~*~tactically~*~*~ (outnumbered).
 11217 | Lair:2   | 11217 ||| Stepping ~*~*~tactically~*~*~ (outnumbered).
 11221 | Lair:2   | 11221 ||| FLEEEEING.
 11236 | Lair:2   | 11236 ||| FLEEEEING.
 11248 | Lair:2   | 11248 ||| FLEEEEING.
 11264 | Lair:2   | 11264 ||| FLEEEEING.
 11275 | Lair:2   | 11275 ||| FLEEEEING.
 11292 | Lair:2   | 11292 ||| FLEEEEING.
 11305 | Lair:2   | 11305 ||| FLEEEEING.
 11327 | Lair:2   | 11327 ||| Stepping ~*~*~tactically~*~*~ (outnumbered).
 11329 | Lair:2   | 11329 ||| Stepping ~*~*~tactically~*~*~ (outnumbered).
 11331 | Lair:2   | 11331 ||| Stepping ~*~*~tactically~*~*~ (outnumbered).
 11335 | Lair:2   | 11335 ||| FLEEEEING.
 11347 | Lair:2   | 11347 ||| Stepping ~*~*~tactically~*~*~ (outnumbered).
 11349 | Lair:2   | 11349 ||| FLEEEEING.
 11374 | Lair:2   | 11374 ||| Stepping ~*~*~tactically~*~*~ (outnumbered).
 11376 | Lair:2   | 11376 ||| FLEEEEING.
 11385 | Lair:2   | 11385 ||| Stepping ~*~*~tactically~*~*~ (outnumbered).
 11388 | Lair:2   | 11388 ||| Stepping ~*~*~tactically~*~*~ (outnumbered).
 11393 | Lair:2   | 11393 ||| Stepping ~*~*~tactically~*~*~ (outnumbered).
 11400 | Lair:2   | 11400 ||| FLEEEEING.
 11418 | Lair:2   | 11418 ||| Stepping ~*~*~tactically~*~*~ (outnumbered).
 11422 | Lair:2   | 11422 ||| Stepping ~*~*~tactically~*~*~ (outnumbered).
 11429 | Lair:2   | 11429 ||| Stepping ~*~*~tactically~*~*~ (outnumbered).
 11435 | Lair:2   | 11435 ||| Stepping ~*~*~tactically~*~*~ (outnumbered).
 11437 | Lair:2   | 11437 ||| FLEEEEING.
 11457 | Lair:2   | 11457 ||| FLEEEEING.
 11467 | Lair:2   | 11467 ||| Stepping ~*~*~tactically~*~*~ (outnumbered).
 11469 | Lair:2   | 11469 ||| Stepping ~*~*~tactically~*~*~ (outnumbered).
 11475 | Lair:2   | 11475 ||| FLEEEEING.
 11492 | Lair:2   | 11492 ||| FLEEEEING.
 11500 | Lair:2   | 11500 ||| FLEEEEING.
 11513 | Lair:2   | 11513 ||| Stepping ~*~*~tactically~*~*~ (outnumbered).
 11519 | Lair:2   | 11519 ||| FLEEEEING.
 11532 | Lair:2   | 11532 ||| FLEEEEING.
 11546 | Lair:2   | 11546 ||| Stepping ~*~*~tactically~*~*~ (outnumbered).
 11551 | Lair:2   | 11551 ||| FLEEEEING.
 11558 | Lair:2   | 11558 ||| Stepping ~*~*~tactically~*~*~ (outnumbered).
 11562 | Lair:2   | 11562 ||| Stepping ~*~*~tactically~*~*~ (outnumbered).
 11568 | Lair:2   | 11568 ||| Stepping ~*~*~tactically~*~*~ (outnumbered).
 11574 | Lair:2   | 11574 ||| Stepping ~*~*~tactically~*~*~ (outnumbered).
 11581 | Lair:2   | 11581 ||| Stepping ~*~*~tactically~*~*~ (outnumbered).
 11583 | Lair:2   | 11583 ||| FLEEEEING.
 11600 | Lair:2   | 11600 ||| Stepping ~*~*~tactically~*~*~ (outnumbered).
 11607 | Lair:2   | 11607 ||| Stepping ~*~*~tactically~*~*~ (outnumbered).
 11609 | Lair:2   | 11609 ||| Stepping ~*~*~tactically~*~*~ (outnumbered).
 11615 | Lair:2   | 11615 ||| Stepping ~*~*~tactically~*~*~ (outnumbered).
 11617 | Lair:2   | 11617 ||| Stepping ~*~*~tactically~*~*~ (outnumbered).
 11622 | Lair:2   | 11622 ||| Stepping ~*~*~tactically~*~*~ (outnumbered).
 11629 | Lair:2   | 11629 ||| Stepping ~*~*~tactically~*~*~ (outnumbered).
 11634 | Lair:2   | 11634 ||| FLEEEEING.
 11661 | Lair:2   | 11661 ||| FLEEEEING.
 11681 | Lair:2   | 11681 ||| Stepping ~*~*~tactically~*~*~ (outnumbered).
 11685 | Lair:2   | 11685 ||| Stepping ~*~*~tactically~*~*~ (outnumbered).
 11689 | Lair:2   | 11689 ||| FLEEEEING.
 11700 | Lair:2   | 11700 ||| Stepping ~*~*~tactically~*~*~ (outnumbered).
 11702 | Lair:2   | 11702 ||| FLEEEEING.
 11709 | Lair:2   | 11709 ||| Stepping ~*~*~tactically~*~*~ (outnumbered).
 11711 | Lair:2   | 11711 ||| Stepping ~*~*~tactically~*~*~ (outnumbered).
 11713 | Lair:2   | 11713 ||| Stepping ~*~*~tactically~*~*~ (outnumbered).
 11720 | Lair:2   | 11720 ||| FLEEEEING.
 11729 | Lair:2   | 11729 ||| FLEEEEING.
 11744 | Lair:2   | 11744 ||| FLEEEEING.
 11755 | Lair:2   | 11755 ||| Stepping ~*~*~tactically~*~*~ (outnumbered).
 11761 | Lair:2   | 11761 ||| FLEEEEING.
 11778 | Lair:2   | 11778 ||| FLEEEEING.
 11789 | Lair:2   | 11789 ||| FLEEEEING.
 11798 | Lair:2   | 11798 ||| Stepping ~*~*~tactically~*~*~ (outnumbered).
 11804 | Lair:2   | 11804 ||| Stepping ~*~*~tactically~*~*~ (outnumbered).
 11810 | Lair:2   | 11810 ||| Stepping ~*~*~tactically~*~*~ (outnumbered).
 11813 | Lair:2   | 11813 ||| Stepping ~*~*~tactically~*~*~ (outnumbered).
 11820 | Lair:2   | 11820 ||| FLEEEEING.
 11832 | Lair:2   | 11832 ||| FLEEEEING.
 11841 | Lair:2   | 11841 ||| Stepping ~*~*~tactically~*~*~ (outnumbered).
 11843 | Lair:2   | 11843 ||| FLEEEEING.
 11851 | Lair:2   | 11851 ||| Stepping ~*~*~tactically~*~*~ (outnumbered).
 11855 | Lair:2   | 11855 ||| Stepping ~*~*~tactically~*~*~ (outnumbered).
 11857 | Lair:2   | 11857 ||| Stepping ~*~*~tactically~*~*~ (outnumbered).
 11859 | Lair:2   | 11859 ||| Stepping ~*~*~tactically~*~*~ (outnumbered).
 11863 | Lair:2   | 11863 ||| FLEEEEING.
 11880 | Lair:2   | 11880 ||| FLEEEEING.
 11901 | Lair:2   | 11901 ||| FLEEEEING.
 11910 | Lair:2   | 11910 ||| FLEEEEING.
 11937 | Lair:2   | 11937 ||| Stepping ~*~*~tactically~*~*~ (outnumbered).
 11939 | Lair:2   | 11939 ||| Stepping ~*~*~tactically~*~*~ (outnumbered).
 11942 | Lair:2   | 11942 ||| Stepping ~*~*~tactically~*~*~ (outnumbered).
 11944 | Lair:2   | 11944 ||| FLEEEEING.
 11961 | Lair:2   | 11961 ||| FLEEEEING.
 11983 | Lair:2   | 11983 ||| Stepping ~*~*~tactically~*~*~ (outnumbered).
 11987 | Lair:2   | 11987 ||| Stepping ~*~*~tactically~*~*~ (outnumbered).
 11989 | Lair:2   | 11989 ||| FLEEEEING.
 11997 | Lair:2   | 11997 ||| Stepping ~*~*~tactically~*~*~ (outnumbered).
 11999 | Lair:2   | 11999 ||| Stepping ~*~*~tactically~*~*~ (outnumbered).
 12005 | Lair:2   | 12005 ||| FLEEEEING.
 12022 | Lair:2   | 12022 ||| Stepping ~*~*~tactically~*~*~ (outnumbered).
 12028 | Lair:2   | 12028 ||| Stepping ~*~*~tactically~*~*~ (outnumbered).
 12030 | Lair:2   | 12030 ||| FLEEEEING.
 12058 | Lair:2   | 12058 ||| Stepping ~*~*~tactically~*~*~ (outnumbered).
 12062 | Lair:2   | 12062 ||| Stepping ~*~*~tactically~*~*~ (outnumbered).
 12064 | Lair:2   | 12064 ||| FLEEEEING.
 12080 | Lair:2   | 12080 ||| FLEEEEING.
 12096 | Lair:2   | 12096 ||| FLEEEEING.
 12106 | Lair:2   | 12106 ||| Stepping ~*~*~tactically~*~*~ (outnumbered).
 12108 | Lair:2   | 12108 ||| Stepping ~*~*~tactically~*~*~ (outnumbered).
 12115 | Lair:2   | 12115 ||| FLEEEEING.
 12138 | Lair:2   | 12138 ||| FLEEEEING.
 12160 | Lair:2   | 12160 ||| Stepping ~*~*~tactically~*~*~ (outnumbered).
 12162 | Lair:2   | 12162 ||| Stepping ~*~*~tactically~*~*~ (outnumbered).
 12164 | Lair:2   | 12164 ||| FLEEEEING.
 12185 | Lair:2   | 12185 ||| Stepping ~*~*~tactically~*~*~ (outnumbered).
 12190 | Lair:2   | 12190 ||| FLEEEEING.
 12197 | Lair:2   | 12197 ||| Stepping ~*~*~tactically~*~*~ (outnumbered).
 12202 | Lair:2   | 12202 ||| Stepping ~*~*~tactically~*~*~ (outnumbered).
 12206 | Lair:2   | 12206 ||| FLEEEEING.
 12214 | Lair:2   | 12214 ||| Stepping ~*~*~tactically~*~*~ (outnumbered).
 12219 | Lair:2   | 12219 ||| Stepping ~*~*~tactically~*~*~ (outnumbered).
 12225 | Lair:2   | 12225 ||| Stepping ~*~*~tactically~*~*~ (outnumbered).
 12229 | Lair:2   | 12229 ||| FLEEEEING.
 12239 | Lair:2   | 12239 ||| Stepping ~*~*~tactically~*~*~ (outnumbered).
 12244 | Lair:2   | 12244 ||| FLEEEEING.
 12251 | Lair:2   | 12251 ||| Stepping ~*~*~tactically~*~*~ (outnumbered).
 12256 | Lair:2   | 12256 ||| FLEEEEING.
 12265 | Lair:2   | 12265 ||| Stepping ~*~*~tactically~*~*~ (outnumbered).
 12270 | Lair:2   | 12270 ||| Stepping ~*~*~tactically~*~*~ (outnumbered).
 12272 | Lair:2   | 12272 ||| Stepping ~*~*~tactically~*~*~ (outnumbered).
 12274 | Lair:2   | 12274 ||| FLEEEEING.
 12291 | Lair:2   | 12291 ||| Stepping ~*~*~tactically~*~*~ (outnumbered).
 12297 | Lair:2   | 12297 ||| Stepping ~*~*~tactically~*~*~ (outnumbered).
 12299 | Lair:2   | 12299 ||| Stepping ~*~*~tactically~*~*~ (outnumbered).
 12305 | Lair:2   | 12305 ||| FLEEEEING.
 12324 | Lair:2   | 12324 ||| Stepping ~*~*~tactically~*~*~ (outnumbered).
 12326 | Lair:2   | 12326 ||| Stepping ~*~*~tactically~*~*~ (outnumbered).
 12332 | Lair:2   | 12332 ||| Stepping ~*~*~tactically~*~*~ (outnumbered).
 12338 | Lair:2   | 12338 ||| Stepping ~*~*~tactically~*~*~ (outnumbered).
 12343 | Lair:2   | 12343 ||| Stepping ~*~*~tactically~*~*~ (outnumbered).
 12348 | Lair:2   | 12348 ||| FLEEEEING.
 12362 | Lair:2   | 12362 ||| FLEEEEING.
 12381 | Lair:2   | 12381 ||| Stepping ~*~*~tactically~*~*~ (outnumbered).
 12387 | Lair:2   | 12387 ||| FLEEEEING.
 12398 | Lair:2   | 12398 ||| FLEEEEING.
 12407 | Lair:2   | 12407 ||| Stepping ~*~*~tactically~*~*~ (outnumbered).
 12411 | Lair:2   | 12411 ||| FLEEEEING.
 12421 | Lair:2   | 12421 ||| Stepping ~*~*~tactically~*~*~ (outnumbered).
 12423 | Lair:2   | 12423 ||| Stepping ~*~*~tactically~*~*~ (outnumbered).
 12425 | Lair:2   | 12425 ||| Stepping ~*~*~tactically~*~*~ (outnumbered).
 12431 | Lair:2   | 12431 ||| FLEEEEING.
 12452 | Lair:2   | 12452 ||| FLEEEEING.
 12462 | Lair:2   | 12462 ||| Stepping ~*~*~tactically~*~*~ (outnumbered).
 12464 | Lair:2   | 12464 ||| Stepping ~*~*~tactically~*~*~ (outnumbered).
 12470 | Lair:2   | 12470 ||| Stepping ~*~*~tactically~*~*~ (outnumbered).
 12472 | Lair:2   | 12472 ||| FLEEEEING.
 12482 | Lair:2   | 12482 ||| FLEEEEING.
 12502 | Lair:2   | 12502 ||| FLEEEEING.
 12519 | Lair:2   | 12519 ||| Stepping ~*~*~tactically~*~*~ (outnumbered).
 12525 | Lair:2   | 12525 ||| FLEEEEING.
 12532 | Lair:2   | 12532 ||| Stepping ~*~*~tactically~*~*~ (outnumbered).
 12534 | Lair:2   | 12534 ||| Stepping ~*~*~tactically~*~*~ (outnumbered).
 12538 | Lair:2   | 12538 ||| Stepping ~*~*~tactically~*~*~ (outnumbered).
 12540 | Lair:2   | 12540 ||| Stepping ~*~*~tactically~*~*~ (outnumbered).
 12542 | Lair:2   | 12542 ||| Stepping ~*~*~tactically~*~*~ (outnumbered).
 12544 | Lair:2   | 12544 ||| FLEEEEING.
 12554 | Lair:2   | 12554 ||| FLEEEEING.
 12572 | Lair:2   | 12572 ||| Stepping ~*~*~tactically~*~*~ (outnumbered).
 12574 | Lair:2   | 12574 ||| Stepping ~*~*~tactically~*~*~ (outnumbered).
 12576 | Lair:2   | 12576 ||| FLEEEEING.
 12591 | Lair:2   | 12591 ||| FLEEEEING.
 12600 | Lair:2   | 12600 ||| FLEEEEING.
 12609 | Lair:2   | 12609 ||| FLEEEEING.
 12628 | Lair:2   | 12628 ||| FLEEEEING.
 12645 | Lair:2   | 12645 ||| Stepping ~*~*~tactically~*~*~ (outnumbered).
 12648 | Lair:2   | 12648 ||| FLEEEEING.
 12666 | Lair:2   | 12666 ||| FLEEEEING.
 12685 | Lair:2   | 12685 ||| Stepping ~*~*~tactically~*~*~ (outnumbered).
 12687 | Lair:2   | 12687 ||| Stepping ~*~*~tactically~*~*~ (outnumbered).
 12692 | Lair:2   | 12692 ||| FLEEEEING.
 12718 | Lair:2   | 12718 ||| Stepping ~*~*~tactically~*~*~ (outnumbered).
 12720 | Lair:2   | 12720 ||| FLEEEEING.
 12728 | Lair:2   | 12728 ||| FLEEEEING.
 12739 | Lair:2   | 12739 ||| Stepping ~*~*~tactically~*~*~ (outnumbered).
 12741 | Lair:2   | 12741 ||| Stepping ~*~*~tactically~*~*~ (outnumbered).
 12747 | Lair:2   | 12747 ||| Stepping ~*~*~tactically~*~*~ (outnumbered).
 12752 | Lair:2   | 12752 ||| FLEEEEING.
 12760 | Lair:2   | 12760 ||| FLEEEEING.
 12775 | Lair:2   | 12775 ||| FLEEEEING.
 12801 | Lair:2   | 12801 ||| Stepping ~*~*~tactically~*~*~ (outnumbered).
 12806 | Lair:2   | 12806 ||| FLEEEEING.
 12831 | Lair:2   | 12831 ||| FLEEEEING.
 12839 | Lair:2   | 12839 ||| Stepping ~*~*~tactically~*~*~ (outnumbered).
 12843 | Lair:2   | 12843 ||| Stepping ~*~*~tactically~*~*~ (outnumbered).
 12845 | Lair:2   | 12845 ||| Stepping ~*~*~tactically~*~*~ (outnumbered).
 12847 | Lair:2   | 12847 ||| FLEEEEING.
 12862 | Lair:2   | 12862 ||| FLEEEEING.
 12871 | Lair:2   | 12871 ||| FLEEEEING.
 12880 | Lair:2   | 12880 ||| Stepping ~*~*~tactically~*~*~ (outnumbered).
 12882 | Lair:2   | 12882 ||| FLEEEEING.
 12894 | Lair:2   | 12894 ||| Stepping ~*~*~tactically~*~*~ (outnumbered).
 12896 | Lair:2   | 12896 ||| FLEEEEING.
 12903 | Lair:2   | 12903 ||| FLEEEEING.
 12914 | Lair:2   | 12914 ||| Stepping ~*~*~tactically~*~*~ (outnumbered).
 12918 | Lair:2   | 12918 ||| Stepping ~*~*~tactically~*~*~ (outnumbered).
 12920 | Lair:2   | 12920 ||| FLEEEEING.
 12928 | Lair:2   | 12928 ||| Stepping ~*~*~tactically~*~*~ (outnumbered).
 12933 | Lair:2   | 12933 ||| Stepping ~*~*~tactically~*~*~ (outnumbered).
 12935 | Lair:2   | 12935 ||| FLEEEEING.
 12947 | Lair:2   | 12947 ||| FLEEEEING.
 12954 | Lair:2   | 12954 ||| FLEEEEING.
 12961 | Lair:2   | 12961 ||| Stepping ~*~*~tactically~*~*~ (outnumbered).
 12963 | Lair:2   | 12963 ||| Stepping ~*~*~tactically~*~*~ (outnumbered).
 12968 | Lair:2   | 12968 ||| FLEEEEING.
 12975 | Lair:2   | 12975 ||| Stepping ~*~*~tactically~*~*~ (outnumbered).
 12977 | Lair:2   | 12977 ||| Stepping ~*~*~tactically~*~*~ (outnumbered).
 12979 | Lair:2   | 12979 ||| FLEEEEING.
 12994 | Lair:2   | 12994 ||| FLEEEEING.
 13010 | Lair:2   | 13010 ||| Stepping ~*~*~tactically~*~*~ (outnumbered).
 13016 | Lair:2   | 13016 ||| Stepping ~*~*~tactically~*~*~ (outnumbered).
 13023 | Lair:2   | 13023 ||| Stepping ~*~*~tactically~*~*~ (outnumbered).
 13026 | Lair:2   | 13026 ||| Stepping ~*~*~tactically~*~*~ (outnumbered).
 13032 | Lair:2   | 13032 ||| FLEEEEING.
 13043 | Lair:2   | 13043 ||| FLEEEEING.
 13062 | Lair:2   | 13062 ||| FLEEEEING.
 13088 | Lair:2   | 13088 ||| FLEEEEING.
 13107 | Lair:2   | 13107 ||| Stepping ~*~*~tactically~*~*~ (outnumbered).
 13114 | Lair:2   | 13114 ||| FLEEEEING.
 13121 | Lair:2   | 13121 ||| FLEEEEING.
 13128 | Lair:2   | 13128 ||| FLEEEEING.
 13137 | Lair:2   | 13137 ||| FLEEEEING.
 13152 | Lair:2   | 13152 ||| FLEEEEING.
 13167 | Lair:2   | 13167 ||| Stepping ~*~*~tactically~*~*~ (outnumbered).
 13169 | Lair:2   | 13169 ||| Stepping ~*~*~tactically~*~*~ (outnumbered).
 13171 | Lair:2   | 13171 ||| Stepping ~*~*~tactically~*~*~ (outnumbered).
 13177 | Lair:2   | 13177 ||| Stepping ~*~*~tactically~*~*~ (outnumbered).
 13181 | Lair:2   | 13181 ||| Stepping ~*~*~tactically~*~*~ (outnumbered).
 13186 | Lair:2   | 13186 ||| Stepping ~*~*~tactically~*~*~ (outnumbered).
 13192 | Lair:2   | 13192 ||| FLEEEEING.
 13203 | Lair:2   | 13203 ||| Stepping ~*~*~tactically~*~*~ (outnumbered).
 13209 | Lair:2   | 13209 ||| Stepping ~*~*~tactically~*~*~ (outnumbered).
 13211 | Lair:2   | 13211 ||| Stepping ~*~*~tactically~*~*~ (outnumbered).
 13217 | Lair:2   | 13217 ||| FLEEEEING.
 13226 | Lair:2   | 13226 ||| FLEEEEING.
 13236 | Lair:2   | 13236 ||| FLEEEEING.
 13245 | Lair:2   | 13245 ||| FLEEEEING.
 13252 | Lair:2   | 13252 ||| Stepping ~*~*~tactically~*~*~ (outnumbered).
 13254 | Lair:2   | 13254 ||| FLEEEEING.
 13263 | Lair:2   | 13263 ||| Stepping ~*~*~tactically~*~*~ (outnumbered).
 13265 | Lair:2   | 13265 ||| Stepping ~*~*~tactically~*~*~ (outnumbered).
 13267 | Lair:2   | 13267 ||| FLEEEEING.
 13276 | Lair:2   | 13276 ||| Stepping ~*~*~tactically~*~*~ (outnumbered).
 13282 | Lair:2   | 13282 ||| FLEEEEING.
 13295 | Lair:2   | 13295 ||| Stepping ~*~*~tactically~*~*~ (outnumbered).
 13300 | Lair:2   | 13300 ||| FLEEEEING.
 13316 | Lair:2   | 13316 ||| Stepping ~*~*~tactically~*~*~ (outnumbered).
 13320 | Lair:2   | 13320 ||| FLEEEEING.
 13342 | Lair:2   | 13342 ||| FLEEEEING.
 13355 | Lair:2   | 13355 ||| Stepping ~*~*~tactically~*~*~ (outnumbered).
 13357 | Lair:2   | 13357 ||| FLEEEEING.
 13366 | Lair:2   | 13366 ||| FLEEEEING.
 13387 | Lair:2   | 13387 ||| Stepping ~*~*~tactically~*~*~ (outnumbered).
 13393 | Lair:2   | 13393 ||| FLEEEEING.
 13402 | Lair:2   | 13402 ||| Stepping ~*~*~tactically~*~*~ (outnumbered).
 13408 | Lair:2   | 13408 ||| FLEEEEING.
 13427 | Lair:2   | 13427 ||| Stepping ~*~*~tactically~*~*~ (outnumbered).
 13433 | Lair:2   | 13433 ||| Stepping ~*~*~tactically~*~*~ (outnumbered).
 13435 | Lair:2   | 13435 ||| FLEEEEING.
 13456 | Lair:2   | 13456 ||| FLEEEEING.
 13465 | Lair:2   | 13465 ||| Stepping ~*~*~tactically~*~*~ (outnumbered).
 13467 | Lair:2   | 13467 ||| Stepping ~*~*~tactically~*~*~ (outnumbered).
 13469 | Lair:2   | 13469 ||| Stepping ~*~*~tactically~*~*~ (outnumbered).
 13476 | Lair:2   | 13476 ||| Stepping ~*~*~tactically~*~*~ (outnumbered).
 13481 | Lair:2   | 13481 ||| Stepping ~*~*~tactically~*~*~ (outnumbered).
 13485 | Lair:2   | 13485 ||| FLEEEEING.
 13494 | Lair:2   | 13494 ||| FLEEEEING.
 13509 | Lair:2   | 13509 ||| Stepping ~*~*~tactically~*~*~ (outnumbered).
 13511 | Lair:2   | 13511 ||| Stepping ~*~*~tactically~*~*~ (outnumbered).
 13517 | Lair:2   | 13517 ||| FLEEEEING.
 13538 | Lair:2   | 13538 ||| Stepping ~*~*~tactically~*~*~ (outnumbered).
 13540 | Lair:2   | 13540 ||| Stepping ~*~*~tactically~*~*~ (outnumbered).
 13547 | Lair:2   | 13547 ||| FLEEEEING.
 13565 | Lair:2   | 13565 ||| FLEEEEING.
 13572 | Lair:2   | 13572 ||| FLEEEEING.
 13586 | Lair:2   | 13586 ||| Stepping ~*~*~tactically~*~*~ (outnumbered).
 13588 | Lair:2   | 13588 ||| Stepping ~*~*~tactically~*~*~ (outnumbered).
 13594 | Lair:2   | 13594 ||| FLEEEEING.
 13609 | Lair:2   | 13609 ||| Stepping ~*~*~tactically~*~*~ (outnumbered).
 13614 | Lair:2   | 13614 ||| Stepping ~*~*~tactically~*~*~ (outnumbered).
 13616 | Lair:2   | 13616 ||| Stepping ~*~*~tactically~*~*~ (outnumbered).
 13618 | Lair:2   | 13618 ||| FLEEEEING.
 13636 | Lair:2   | 13636 ||| Stepping ~*~*~tactically~*~*~ (outnumbered).
 13638 | Lair:2   | 13638 ||| Stepping ~*~*~tactically~*~*~ (outnumbered).
 13645 | Lair:2   | 13645 ||| FLEEEEING.
 13666 | Lair:2   | 13666 ||| Stepping ~*~*~tactically~*~*~ (outnumbered).
 13668 | Lair:2   | 13668 ||| Stepping ~*~*~tactically~*~*~ (outnumbered).
 13675 | Lair:2   | 13675 ||| FLEEEEING.
 13699 | Lair:2   | 13699 ||| Stepping ~*~*~tactically~*~*~ (outnumbered).
 13704 | Lair:2   | 13704 ||| Stepping ~*~*~tactically~*~*~ (outnumbered).
 13710 | Lair:2   | 13710 ||| Stepping ~*~*~tactically~*~*~ (outnumbered).
 13713 | Lair:2   | 13713 ||| Stepping ~*~*~tactically~*~*~ (outnumbered).
 13715 | Lair:2   | 13715 ||| Stepping ~*~*~tactically~*~*~ (outnumbered).
 13720 | Lair:2   | 13720 ||| Stepping ~*~*~tactically~*~*~ (outnumbered).
 13726 | Lair:2   | 13726 ||| Stepping ~*~*~tactically~*~*~ (outnumbered).
 13728 | Lair:2   | 13728 ||| Stepping ~*~*~tactically~*~*~ (outnumbered).
 13731 | Lair:2   | 13731 ||| FLEEEEING.
 13757 | Lair:2   | 13757 ||| Stepping ~*~*~tactically~*~*~ (outnumbered).
 13759 | Lair:2   | 13759 ||| Stepping ~*~*~tactically~*~*~ (outnumbered).
 13765 | Lair:2   | 13765 ||| FLEEEEING.
 13779 | Lair:2   | 13779 ||| Stepping ~*~*~tactically~*~*~ (outnumbered).
 13781 | Lair:2   | 13781 ||| Stepping ~*~*~tactically~*~*~ (outnumbered).
 13783 | Lair:2   | 13783 ||| FLEEEEING.
 13798 | Lair:2   | 13798 ||| Stepping ~*~*~tactically~*~*~ (outnumbered).
 13804 | Lair:2   | 13804 ||| Stepping ~*~*~tactically~*~*~ (outnumbered).
 13806 | Lair:2   | 13806 ||| FLEEEEING.
 13818 | Lair:2   | 13818 ||| Stepping ~*~*~tactically~*~*~ (outnumbered).
 13820 | Lair:2   | 13820 ||| FLEEEEING.
 13831 | Lair:2   | 13831 ||| Stepping ~*~*~tactically~*~*~ (outnumbered).
 13836 | Lair:2   | 13836 ||| FLEEEEING.
 13855 | Lair:2   | 13855 ||| Stepping ~*~*~tactically~*~*~ (outnumbered).
 13857 | Lair:2   | 13857 ||| Stepping ~*~*~tactically~*~*~ (outnumbered).
 13859 | Lair:2   | 13859 ||| FLEEEEING.
 13870 | Lair:2   | 13870 ||| FLEEEEING.
 13879 | Lair:2   | 13879 ||| Stepping ~*~*~tactically~*~*~ (outnumbered).
 13883 | Lair:2   | 13883 ||| FLEEEEING.
 13893 | Lair:2   | 13893 ||| Stepping ~*~*~tactically~*~*~ (outnumbered).
 13898 | Lair:2   | 13898 ||| Stepping ~*~*~tactically~*~*~ (outnumbered).
 13900 | Lair:2   | 13900 ||| Stepping ~*~*~tactically~*~*~ (outnumbered).
 13906 | Lair:2   | 13906 ||| FLEEEEING.
 13926 | Lair:2   | 13926 ||| FLEEEEING.
 13933 | Lair:2   | 13933 ||| Stepping ~*~*~tactically~*~*~ (outnumbered).
 13935 | Lair:2   | 13935 ||| Stepping ~*~*~tactically~*~*~ (outnumbered).
 13937 | Lair:2   | 13937 ||| Stepping ~*~*~tactically~*~*~ (outnumbered).
 13944 | Lair:2   | 13944 ||| FLEEEEING.
 13961 | Lair:2   | 13961 ||| Stepping ~*~*~tactically~*~*~ (outnumbered).
 13963 | Lair:2   | 13963 ||| Stepping ~*~*~tactically~*~*~ (outnumbered).
 13969 | Lair:2   | 13969 ||| FLEEEEING.
 13978 | Lair:2   | 13978 ||| FLEEEEING.
 13993 | Lair:2   | 13993 ||| FLEEEEING.
 14011 | Lair:2   | 14011 ||| Stepping ~*~*~tactically~*~*~ (outnumbered).
 14013 | Lair:2   | 14013 ||| Stepping ~*~*~tactically~*~*~ (outnumbered).
 14017 | Lair:2   | 14017 ||| Stepping ~*~*~tactically~*~*~ (outnumbered).
 14019 | Lair:2   | 14019 ||| Stepping ~*~*~tactically~*~*~ (outnumbered).
 14021 | Lair:2   | 14021 ||| FLEEEEING.
 14032 | Lair:2   | 14032 ||| Stepping ~*~*~tactically~*~*~ (outnumbered).
 14038 | Lair:2   | 14038 ||| FLEEEEING.
 14048 | Lair:2   | 14048 ||| Stepping ~*~*~tactically~*~*~ (outnumbered).
 14052 | Lair:2   | 14052 ||| FLEEEEING.
 14067 | Lair:2   | 14067 ||| FLEEEEING.
 14077 | Lair:2   | 14077 ||| FLEEEEING.
 14086 | Lair:2   | 14086 ||| Stepping ~*~*~tactically~*~*~ (outnumbered).
 14091 | Lair:2   | 14091 ||| Stepping ~*~*~tactically~*~*~ (outnumbered).
 14098 | Lair:2   | 14098 ||| Stepping ~*~*~tactically~*~*~ (outnumbered).
 14104 | Lair:2   | 14104 ||| FLEEEEING.
 14116 | Lair:2   | 14116 ||| FLEEEEING.
 14125 | Lair:2   | 14125 ||| FLEEEEING.
 14142 | Lair:2   | 14142 ||| FLEEEEING.
 14151 | Lair:2   | 14151 ||| FLEEEEING.
 14158 | Lair:2   | 14158 ||| Stepping ~*~*~tactically~*~*~ (outnumbered).
 14164 | Lair:2   | 14164 ||| FLEEEEING.
 14171 | Lair:2   | 14171 ||| Stepping ~*~*~tactically~*~*~ (outnumbered).
 14173 | Lair:2   | 14173 ||| FLEEEEING.
 14186 | Lair:2   | 14186 ||| FLEEEEING.
 14195 | Lair:2   | 14195 ||| Stepping ~*~*~tactically~*~*~ (outnumbered).
 14201 | Lair:2   | 14201 ||| FLEEEEING.
 14208 | Lair:2   | 14208 ||| Stepping ~*~*~tactically~*~*~ (outnumbered).
 14210 | Lair:2   | 14210 ||| FLEEEEING.
 14221 | Lair:2   | 14221 ||| FLEEEEING.
 14229 | Lair:2   | 14229 ||| Stepping ~*~*~tactically~*~*~ (outnumbered).
 14235 | Lair:2   | 14235 ||| FLEEEEING.
 14254 | Lair:2   | 14254 ||| Stepping ~*~*~tactically~*~*~ (outnumbered).
 14256 | Lair:2   | 14256 ||| Stepping ~*~*~tactically~*~*~ (outnumbered).
 14259 | Lair:2   | 14259 ||| Stepping ~*~*~tactically~*~*~ (outnumbered).
 14264 | Lair:2   | 14264 ||| Stepping ~*~*~tactically~*~*~ (outnumbered).
 14270 | Lair:2   | 14270 ||| Stepping ~*~*~tactically~*~*~ (outnumbered).
 14276 | Lair:2   | 14276 ||| Stepping ~*~*~tactically~*~*~ (outnumbered).
 14278 | Lair:2   | 14278 ||| FLEEEEING.
 14295 | Lair:2   | 14295 ||| FLEEEEING.
 14302 | Lair:2   | 14302 ||| FLEEEEING.
 14317 | Lair:2   | 14317 ||| FLEEEEING.
 14329 | Lair:2   | 14329 ||| Stepping ~*~*~tactically~*~*~ (outnumbered).
 14336 | Lair:2   | 14336 ||| FLEEEEING.
 14351 | Lair:2   | 14351 ||| FLEEEEING.
 14368 | Lair:2   | 14368 ||| Stepping ~*~*~tactically~*~*~ (outnumbered).
 14373 | Lair:2   | 14373 ||| Stepping ~*~*~tactically~*~*~ (outnumbered).
 14378 | Lair:2   | 14378 ||| Stepping ~*~*~tactically~*~*~ (outnumbered).
 14384 | Lair:2   | 14384 ||| Stepping ~*~*~tactically~*~*~ (outnumbered).
 14391 | Lair:2   | 14391 ||| Stepping ~*~*~tactically~*~*~ (outnumbered).
 14396 | Lair:2   | 14396 ||| Stepping ~*~*~tactically~*~*~ (outnumbered).
 14402 | Lair:2   | 14402 ||| Stepping ~*~*~tactically~*~*~ (outnumbered).
 14407 | Lair:2   | 14407 ||| Stepping ~*~*~tactically~*~*~ (outnumbered).
 14409 | Lair:2   | 14409 ||| FLEEEEING.
 14424 | Lair:2   | 14424 ||| Stepping ~*~*~tactically~*~*~ (outnumbered).
 14430 | Lair:2   | 14430 ||| Stepping ~*~*~tactically~*~*~ (outnumbered).
 14432 | Lair:2   | 14432 ||| Stepping ~*~*~tactically~*~*~ (outnumbered).
 14437 | Lair:2   | 14437 ||| Stepping ~*~*~tactically~*~*~ (outnumbered).
 14440 | Lair:2   | 14440 ||| Stepping ~*~*~tactically~*~*~ (outnumbered).
 14444 | Lair:2   | 14444 ||| Stepping ~*~*~tactically~*~*~ (outnumbered).
 14446 | Lair:2   | 14446 ||| FLEEEEING.
 14461 | Lair:2   | 14461 ||| FLEEEEING.
 14477 | Lair:2   | 14477 ||| FLEEEEING.
 14493 | Lair:2   | 14493 ||| Stepping ~*~*~tactically~*~*~ (outnumbered).
 14495 | Lair:2   | 14495 ||| Stepping ~*~*~tactically~*~*~ (outnumbered).
 14498 | Lair:2   | 14498 ||| Stepping ~*~*~tactically~*~*~ (outnumbered).
 14500 | Lair:2   | 14500 ||| Stepping ~*~*~tactically~*~*~ (outnumbered).
 14502 | Lair:2   | 14502 ||| FLEEEEING.
 14523 | Lair:2   | 14523 ||| FLEEEEING.
 14534 | Lair:2   | 14534 ||| FLEEEEING.
 14546 | Lair:2   | 14546 ||| FLEEEEING.
 14562 | Lair:2   | 14562 ||| FLEEEEING.
 14588 | Lair:2   | 14588 ||| FLEEEEING.
 14601 | Lair:2   | 14601 ||| Stepping ~*~*~tactically~*~*~ (outnumbered).
 14607 | Lair:2   | 14607 ||| FLEEEEING.
 14615 | Lair:2   | 14615 ||| Stepping ~*~*~tactically~*~*~ (outnumbered).
 14618 | Lair:2   | 14618 ||| Stepping ~*~*~tactically~*~*~ (outnumbered).
 14623 | Lair:2   | 14623 ||| FLEEEEING.
 14631 | Lair:2   | 14631 ||| FLEEEEING.
 14639 | Lair:2   | 14639 ||| FLEEEEING.
 14647 | Lair:2   | 14647 ||| FLEEEEING.
 14660 | Lair:2   | 14660 ||| FLEEEEING.
 14670 | Lair:2   | 14670 ||| Stepping ~*~*~tactically~*~*~ (outnumbered).
 14677 | Lair:2   | 14677 ||| FLEEEEING.
 14702 | Lair:2   | 14702 ||| FLEEEEING.
 14723 | Lair:2   | 14723 ||| Stepping ~*~*~tactically~*~*~ (outnumbered).
 14730 | Lair:2   | 14730 ||| Stepping ~*~*~tactically~*~*~ (outnumbered).
 14734 | Lair:2   | 14734 ||| FLEEEEING.
 14755 | Lair:2   | 14755 ||| Stepping ~*~*~tactically~*~*~ (outnumbered).
 14760 | Lair:2   | 14760 ||| Stepping ~*~*~tactically~*~*~ (outnumbered).
 14764 | Lair:2   | 14764 ||| Stepping ~*~*~tactically~*~*~ (outnumbered).
 14767 | Lair:2   | 14767 ||| Stepping ~*~*~tactically~*~*~ (outnumbered).
 14774 | Lair:2   | 14774 ||| FLEEEEING.
 14783 | Lair:2   | 14783 ||| Stepping ~*~*~tactically~*~*~ (outnumbered).
 14785 | Lair:2   | 14785 ||| FLEEEEING.
 14799 | Lair:2   | 14799 ||| Stepping ~*~*~tactically~*~*~ (outnumbered).
 14801 | Lair:2   | 14801 ||| FLEEEEING.
 14822 | Lair:2   | 14822 ||| FLEEEEING.
 14830 | Lair:2   | 14830 ||| Stepping ~*~*~tactically~*~*~ (outnumbered).
 14837 | Lair:2   | 14837 ||| FLEEEEING.
 14862 | Lair:2   | 14862 ||| FLEEEEING.
 14873 | Lair:2   | 14873 ||| Stepping ~*~*~tactically~*~*~ (outnumbered).
 14875 | Lair:2   | 14875 ||| FLEEEEING.
 14890 | Lair:2   | 14890 ||| FLEEEEING.
 14899 | Lair:2   | 14899 ||| FLEEEEING.
 14919 | Lair:2   | 14919 ||| FLEEEEING.
 14926 | Lair:2   | 14926 ||| Stepping ~*~*~tactically~*~*~ (outnumbered).
 14928 | Lair:2   | 14928 ||| Stepping ~*~*~tactically~*~*~ (outnumbered).
 14930 | Lair:2   | 14930 ||| FLEEEEING.
 14943 | Lair:2   | 14943 ||| Stepping ~*~*~tactically~*~*~ (outnumbered).
 14948 | Lair:2   | 14948 ||| Stepping ~*~*~tactically~*~*~ (outnumbered).
 14950 | Lair:2   | 14950 ||| FLEEEEING.
 14960 | Lair:2   | 14960 ||| Stepping ~*~*~tactically~*~*~ (outnumbered).
 14966 | Lair:2   | 14966 ||| FLEEEEING.
 14976 | Lair:2   | 14976 ||| Stepping ~*~*~tactically~*~*~ (outnumbered).
 14981 | Lair:2   | 14981 ||| FLEEEEING.
 14990 | Lair:2   | 14990 ||| Stepping ~*~*~tactically~*~*~ (outnumbered).
 14992 | Lair:2   | 14992 ||| Stepping ~*~*~tactically~*~*~ (outnumbered).
 14994 | Lair:2   | 14994 ||| FLEEEEING.
 15015 | Lair:2   | 15015 ||| Stepping ~*~*~tactically~*~*~ (outnumbered).
 15021 | Lair:2   | 15021 ||| Stepping ~*~*~tactically~*~*~ (outnumbered).
 15023 | Lair:2   | 15023 ||| FLEEEEING.
 15031 | Lair:2   | 15031 ||| FLEEEEING.
 15042 | Lair:2   | 15042 ||| Stepping ~*~*~tactically~*~*~ (outnumbered).
 15047 | Lair:2   | 15047 ||| Stepping ~*~*~tactically~*~*~ (outnumbered).
 15051 | Lair:2   | 15051 ||| Stepping ~*~*~tactically~*~*~ (outnumbered).
 15058 | Lair:2   | 15058 ||| FLEEEEING.
 15070 | Lair:2   | 15070 ||| FLEEEEING.
 15079 | Lair:2   | 15079 ||| Stepping ~*~*~tactically~*~*~ (outnumbered).
 15081 | Lair:2   | 15081 ||| FLEEEEING.
 15088 | Lair:2   | 15088 ||| FLEEEEING.
 15097 | Lair:2   | 15097 ||| FLEEEEING.
 15114 | Lair:2   | 15114 ||| Stepping ~*~*~tactically~*~*~ (outnumbered).
 15120 | Lair:2   | 15120 ||| FLEEEEING.
 15134 | Lair:2   | 15134 ||| Stepping ~*~*~tactically~*~*~ (outnumbered).
 15136 | Lair:2   | 15136 ||| FLEEEEING.
 15153 | Lair:2   | 15153 ||| FLEEEEING.
 15174 | Lair:2   | 15174 ||| Stepping ~*~*~tactically~*~*~ (outnumbered).
 15179 | Lair:2   | 15179 ||| Stepping ~*~*~tactically~*~*~ (outnumbered).
 15185 | Lair:2   | 15185 ||| Stepping ~*~*~tactically~*~*~ (outnumbered).
 15187 | Lair:2   | 15187 ||| Stepping ~*~*~tactically~*~*~ (outnumbered).
 15191 | Lair:2   | 15191 ||| Stepping ~*~*~tactically~*~*~ (outnumbered).
 15193 | Lair:2   | 15193 ||| Stepping ~*~*~tactically~*~*~ (outnumbered).
 15197 | Lair:2   | 15197 ||| FLEEEEING.
 15208 | Lair:2   | 15208 ||| Stepping ~*~*~tactically~*~*~ (outnumbered).
 15215 | Lair:2   | 15215 ||| Stepping ~*~*~tactically~*~*~ (outnumbered).
 15217 | Lair:2   | 15217 ||| Stepping ~*~*~tactically~*~*~ (outnumbered).
 15219 | Lair:2   | 15219 ||| Stepping ~*~*~tactically~*~*~ (outnumbered).
 15223 | Lair:2   | 15223 ||| Stepping ~*~*~tactically~*~*~ (outnumbered).
 15225 | Lair:2   | 15225 ||| FLEEEEING.
 15248 | Lair:2   | 15248 ||| Stepping ~*~*~tactically~*~*~ (outnumbered).
 15250 | Lair:2   | 15250 ||| Stepping ~*~*~tactically~*~*~ (outnumbered).
 15254 | Lair:2   | 15254 ||| FLEEEEING.
 15261 | Lair:2   | 15261 ||| Stepping ~*~*~tactically~*~*~ (outnumbered).
 15263 | Lair:2   | 15263 ||| FLEEEEING.
 15278 | Lair:2   | 15278 ||| FLEEEEING.
 15289 | Lair:2   | 15289 ||| Stepping ~*~*~tactically~*~*~ (outnumbered).
 15296 | Lair:2   | 15296 ||| FLEEEEING.
 15306 | Lair:2   | 15306 ||| FLEEEEING.
 15315 | Lair:2   | 15315 ||| Stepping ~*~*~tactically~*~*~ (outnumbered).
 15319 | Lair:2   | 15319 ||| Stepping ~*~*~tactically~*~*~ (outnumbered).
 15321 | Lair:2   | 15321 ||| Stepping ~*~*~tactically~*~*~ (outnumbered).
 15326 | Lair:2   | 15326 ||| FLEEEEING.
 15340 | Lair:2   | 15340 ||| Stepping ~*~*~tactically~*~*~ (outnumbered).
 15342 | Lair:2   | 15342 ||| Stepping ~*~*~tactically~*~*~ (outnumbered).
 15348 | Lair:2   | 15348 ||| FLEEEEING.
 15359 | Lair:2   | 15359 ||| Stepping ~*~*~tactically~*~*~ (outnumbered).
 15361 | Lair:2   | 15361 ||| Stepping ~*~*~tactically~*~*~ (outnumbered).
 15363 | Lair:2   | 15363 ||| Stepping ~*~*~tactically~*~*~ (outnumbered).
 15365 | Lair:2   | 15365 ||| FLEEEEING.
 15378 | Lair:2   | 15378 ||| FLEEEEING.
 15387 | Lair:2   | 15387 ||| FLEEEEING.
 15396 | Lair:2   | 15396 ||| Stepping ~*~*~tactically~*~*~ (outnumbered).
 15398 | Lair:2   | 15398 ||| FLEEEEING.
 15406 | Lair:2   | 15406 ||| FLEEEEING.
 15418 | Lair:2   | 15418 ||| FLEEEEING.
 15441 | Lair:2   | 15441 ||| FLEEEEING.
 15448 | Lair:2   | 15448 ||| FLEEEEING.
 15462 | Lair:2   | 15462 ||| Stepping ~*~*~tactically~*~*~ (outnumbered).
 15464 | Lair:2   | 15464 ||| Stepping ~*~*~tactically~*~*~ (outnumbered).
 15470 | Lair:2   | 15470 ||| Stepping ~*~*~tactically~*~*~ (outnumbered).
 15472 | Lair:2   | 15472 ||| FLEEEEING.
 15485 | Lair:2   | 15485 ||| FLEEEEING.
 15501 | Lair:2   | 15501 ||| Stepping ~*~*~tactically~*~*~ (outnumbered).
 15503 | Lair:2   | 15503 ||| FLEEEEING.
 15510 | Lair:2   | 15510 ||| FLEEEEING.
 15528 | Lair:2   | 15528 ||| Stepping ~*~*~tactically~*~*~ (outnumbered).
 15532 | Lair:2   | 15532 ||| FLEEEEING.
 15554 | Lair:2   | 15554 ||| FLEEEEING.
 15573 | Lair:2   | 15573 ||| FLEEEEING.
 15589 | Lair:2   | 15589 ||| FLEEEEING.
 15608 | Lair:2   | 15608 ||| Stepping ~*~*~tactically~*~*~ (outnumbered).
 15611 | Lair:2   | 15611 ||| Stepping ~*~*~tactically~*~*~ (outnumbered).
 15615 | Lair:2   | 15615 ||| FLEEEEING.
 15642 | Lair:2   | 15642 ||| Stepping ~*~*~tactically~*~*~ (outnumbered).
 15647 | Lair:2   | 15647 ||| Stepping ~*~*~tactically~*~*~ (outnumbered).
 15653 | Lair:2   | 15653 ||| Stepping ~*~*~tactically~*~*~ (outnumbered).
 15656 | Lair:2   | 15656 ||| FLEEEEING.
 15667 | Lair:2   | 15667 ||| Stepping ~*~*~tactically~*~*~ (outnumbered).
 15669 | Lair:2   | 15669 ||| FLEEEEING.
 15685 | Lair:2   | 15685 ||| FLEEEEING.
 15699 | Lair:2   | 15699 ||| Stepping ~*~*~tactically~*~*~ (outnumbered).
 15701 | Lair:2   | 15701 ||| FLEEEEING.
 15716 | Lair:2   | 15716 ||| FLEEEEING.
 15725 | Lair:2   | 15725 ||| FLEEEEING.
 15737 | Lair:2   | 15737 ||| FLEEEEING.
 15763 | Lair:2   | 15763 ||| FLEEEEING.
 15790 | Lair:2   | 15790 ||| FLEEEEING.
 15813 | Lair:2   | 15813 ||| FLEEEEING.
 15824 | Lair:2   | 15824 ||| FLEEEEING.
 15831 | Lair:2   | 15831 ||| Stepping ~*~*~tactically~*~*~ (outnumbered).
 15838 | Lair:2   | 15838 ||| Stepping ~*~*~tactically~*~*~ (outnumbered).
 15840 | Lair:2   | 15840 ||| FLEEEEING.
 15847 | Lair:2   | 15847 ||| Stepping ~*~*~tactically~*~*~ (outnumbered).
 15849 | Lair:2   | 15849 ||| Stepping ~*~*~tactically~*~*~ (outnumbered).
 15855 | Lair:2   | 15855 ||| Stepping ~*~*~tactically~*~*~ (outnumbered).
 15861 | Lair:2   | 15861 ||| Stepping ~*~*~tactically~*~*~ (outnumbered).
 15866 | Lair:2   | 15866 ||| FLEEEEING.
 15874 | Lair:2   | 15874 ||| Stepping ~*~*~tactically~*~*~ (outnumbered).
 15876 | Lair:2   | 15876 ||| Stepping ~*~*~tactically~*~*~ (outnumbered).
 15878 | Lair:2   | 15878 ||| FLEEEEING.
 15887 | Lair:2   | 15887 ||| Stepping ~*~*~tactically~*~*~ (outnumbered).
 15893 | Lair:2   | 15893 ||| Stepping ~*~*~tactically~*~*~ (outnumbered).
 15896 | Lair:2   | 15896 ||| FLEEEEING.
 15903 | Lair:2   | 15903 ||| FLEEEEING.
 15920 | Lair:2   | 15920 ||| Stepping ~*~*~tactically~*~*~ (outnumbered).
 15922 | Lair:2   | 15922 ||| Stepping ~*~*~tactically~*~*~ (outnumbered).
 15928 | Lair:2   | 15928 ||| FLEEEEING.
 15954 | Lair:2   | 15954 ||| Stepping ~*~*~tactically~*~*~ (outnumbered).
 15956 | Lair:2   | 15956 ||| FLEEEEING.
 15975 | Lair:2   | 15975 ||| FLEEEEING.
 15992 | Lair:2   | 15992 ||| Stepping ~*~*~tactically~*~*~ (outnumbered).
 15994 | Lair:2   | 15994 ||| FLEEEEING.
 16012 | Lair:2   | 16012 ||| FLEEEEING.
 16023 | Lair:2   | 16023 ||| Stepping ~*~*~tactically~*~*~ (outnumbered).
 16029 | Lair:2   | 16029 ||| Stepping ~*~*~tactically~*~*~ (outnumbered).
 16031 | Lair:2   | 16031 ||| FLEEEEING.
 16047 | Lair:2   | 16047 ||| Stepping ~*~*~tactically~*~*~ (outnumbered).
 16049 | Lair:2   | 16049 ||| FLEEEEING.
 16056 | Lair:2   | 16056 ||| FLEEEEING.
 16075 | Lair:2   | 16075 ||| Stepping ~*~*~tactically~*~*~ (outnumbered).
 16077 | Lair:2   | 16077 ||| Stepping ~*~*~tactically~*~*~ (outnumbered).
 16079 | Lair:2   | 16079 ||| FLEEEEING.
 16086 | Lair:2   | 16086 ||| FLEEEEING.
 16115 | Lair:2   | 16115 ||| FLEEEEING.
 16126 | Lair:2   | 16126 ||| Stepping ~*~*~tactically~*~*~ (outnumbered).
 16128 | Lair:2   | 16128 ||| FLEEEEING.
 16135 | Lair:2   | 16135 ||| Stepping ~*~*~tactically~*~*~ (outnumbered).
 16140 | Lair:2   | 16140 ||| Stepping ~*~*~tactically~*~*~ (outnumbered).
 16145 | Lair:2   | 16145 ||| FLEEEEING.
 16160 | Lair:2   | 16160 ||| FLEEEEING.
 16169 | Lair:2   | 16169 ||| FLEEEEING.
 16177 | Lair:2   | 16177 ||| Stepping ~*~*~tactically~*~*~ (outnumbered).
 16182 | Lair:2   | 16182 ||| Stepping ~*~*~tactically~*~*~ (outnumbered).
 16189 | Lair:2   | 16189 ||| FLEEEEING.
 16197 | Lair:2   | 16197 ||| Stepping ~*~*~tactically~*~*~ (outnumbered).
 16201 | Lair:2   | 16201 ||| FLEEEEING.
 16223 | Lair:2   | 16223 ||| FLEEEEING.
 16230 | Lair:2   | 16230 ||| Stepping ~*~*~tactically~*~*~ (outnumbered).
 16235 | Lair:2   | 16235 ||| FLEEEEING.
 16254 | Lair:2   | 16254 ||| FLEEEEING.
 16273 | Lair:2   | 16273 ||| FLEEEEING.
 16284 | Lair:2   | 16284 ||| Stepping ~*~*~tactically~*~*~ (outnumbered).
 16286 | Lair:2   | 16286 ||| FLEEEEING.
 16297 | Lair:2   | 16297 ||| Stepping ~*~*~tactically~*~*~ (outnumbered).
 16299 | Lair:2   | 16299 ||| FLEEEEING.
 16314 | Lair:2   | 16314 ||| Stepping ~*~*~tactically~*~*~ (outnumbered).
 16316 | Lair:2   | 16316 ||| FLEEEEING.
 16343 | Lair:2   | 16343 ||| FLEEEEING.
 16353 | Lair:2   | 16353 ||| FLEEEEING.
 16366 | Lair:2   | 16366 ||| Stepping ~*~*~tactically~*~*~ (outnumbered).
 16371 | Lair:2   | 16371 ||| FLEEEEING.
 16396 | Lair:2   | 16396 ||| Stepping ~*~*~tactically~*~*~ (outnumbered).
 16399 | Lair:2   | 16399 ||| Stepping ~*~*~tactically~*~*~ (outnumbered).
 16404 | Lair:2   | 16404 ||| FLEEEEING.
 16411 | Lair:2   | 16411 ||| Stepping ~*~*~tactically~*~*~ (outnumbered).
 16413 | Lair:2   | 16413 ||| FLEEEEING.
 16439 | Lair:2   | 16439 ||| FLEEEEING.
 16458 | Lair:2   | 16458 ||| FLEEEEING.
 16468 | Lair:2   | 16468 ||| FLEEEEING.
 16478 | Lair:2   | 16478 ||| Stepping ~*~*~tactically~*~*~ (stealth).
 16483 | Lair:2   | 16483 ||| FLEEEEING.
 16490 | Lair:2   | 16490 ||| Stepping ~*~*~tactically~*~*~ (outnumbered).
 16496 | Lair:2   | 16496 ||| Stepping ~*~*~tactically~*~*~ (outnumbered).
 16500 | Lair:2   | 16500 ||| FLEEEEING.
 16509 | Lair:2   | 16509 ||| Stepping ~*~*~tactically~*~*~ (outnumbered).
 16511 | Lair:2   | 16511 ||| Stepping ~*~*~tactically~*~*~ (outnumbered).
 16515 | Lair:2   | 16515 ||| Stepping ~*~*~tactically~*~*~ (outnumbered).
 16521 | Lair:2   | 16521 ||| Stepping ~*~*~tactically~*~*~ (outnumbered).
 16526 | Lair:2   | 16526 ||| FLEEEEING.
 16536 | Lair:2   | 16536 ||| FLEEEEING.
 16549 | Lair:2   | 16549 ||| Stepping ~*~*~tactically~*~*~ (outnumbered).
 16555 | Lair:2   | 16555 ||| FLEEEEING.
 16562 | Lair:2   | 16562 ||| Stepping ~*~*~tactically~*~*~ (outnumbered).
 16566 | Lair:2   | 16566 ||| Stepping ~*~*~tactically~*~*~ (outnumbered).
 16572 | Lair:2   | 16572 ||| FLEEEEING.
 16583 | Lair:2   | 16583 ||| Stepping ~*~*~tactically~*~*~ (outnumbered).
 16585 | Lair:2   | 16585 ||| Stepping ~*~*~tactically~*~*~ (outnumbered).
 16588 | Lair:2   | 16588 ||| Stepping ~*~*~tactically~*~*~ (outnumbered).
 16590 | Lair:2   | 16590 ||| FLEEEEING.
 16605 | Lair:2   | 16605 ||| FLEEEEING.
 16612 | Lair:2   | 16612 ||| FLEEEEING.
 16622 | Lair:2   | 16622 ||| FLEEEEING.
 16633 | Lair:2   | 16633 ||| Stepping ~*~*~tactically~*~*~ (outnumbered).
 16638 | Lair:2   | 16638 ||| FLEEEEING.
 16651 | Lair:2   | 16651 ||| Stepping ~*~*~tactically~*~*~ (outnumbered).
 16656 | Lair:2   | 16656 ||| Stepping ~*~*~tactically~*~*~ (outnumbered).
 16660 | Lair:2   | 16660 ||| FLEEEEING.
 16671 | Lair:2   | 16671 ||| Stepping ~*~*~tactically~*~*~ (outnumbered).
 16673 | Lair:2   | 16673 ||| FLEEEEING.
 16680 | Lair:2   | 16680 ||| Stepping ~*~*~tactically~*~*~ (outnumbered).
 16685 | Lair:2   | 16685 ||| Stepping ~*~*~tactically~*~*~ (outnumbered).
 16691 | Lair:2   | 16691 ||| FLEEEEING.
 16704 | Lair:2   | 16704 ||| Stepping ~*~*~tactically~*~*~ (outnumbered).
 16706 | Lair:2   | 16706 ||| Stepping ~*~*~tactically~*~*~ (outnumbered).
 16708 | Lair:2   | 16708 ||| FLEEEEING.
 16719 | Lair:2   | 16719 ||| FLEEEEING.
 16731 | Lair:2   | 16731 ||| Stepping ~*~*~tactically~*~*~ (outnumbered).
 16736 | Lair:2   | 16736 ||| Stepping ~*~*~tactically~*~*~ (outnumbered).
 16738 | Lair:2   | 16738 ||| Stepping ~*~*~tactically~*~*~ (outnumbered).
 16745 | Lair:2   | 16745 ||| FLEEEEING.
 16752 | Lair:2   | 16752 ||| Stepping ~*~*~tactically~*~*~ (outnumbered).
 16754 | Lair:2   | 16754 ||| FLEEEEING.
 16765 | Lair:2   | 16765 ||| Stepping ~*~*~tactically~*~*~ (outnumbered).
 16769 | Lair:2   | 16769 ||| FLEEEEING.
 16780 | Lair:2   | 16780 ||| Stepping ~*~*~tactically~*~*~ (outnumbered).
 16785 | Lair:2   | 16785 ||| FLEEEEING.
 16796 | Lair:2   | 16796 ||| Stepping ~*~*~tactically~*~*~ (outnumbered).
 16798 | Lair:2   | 16798 ||| Stepping ~*~*~tactically~*~*~ (outnumbered).
 16804 | Lair:2   | 16804 ||| FLEEEEING.
 16823 | Lair:2   | 16823 ||| FLEEEEING.
 16850 | Lair:2   | 16850 ||| FLEEEEING.
 16871 | Lair:2   | 16871 ||| FLEEEEING.
 16887 | Lair:2   | 16887 ||| FLEEEEING.
 16904 | Lair:2   | 16904 ||| Stepping ~*~*~tactically~*~*~ (outnumbered).
 16909 | Lair:2   | 16909 ||| Stepping ~*~*~tactically~*~*~ (outnumbered).
 16913 | Lair:2   | 16913 ||| Stepping ~*~*~tactically~*~*~ (outnumbered).
 16915 | Lair:2   | 16915 ||| FLEEEEING.
 16926 | Lair:2   | 16926 ||| FLEEEEING.
 16937 | Lair:2   | 16937 ||| FLEEEEING.
 16956 | Lair:2   | 16956 ||| FLEEEEING.
 16977 | Lair:2   | 16977 ||| Stepping ~*~*~tactically~*~*~ (outnumbered).
 16979 | Lair:2   | 16979 ||| FLEEEEING.
 16998 | Lair:2   | 16998 ||| FLEEEEING.
 17017 | Lair:2   | 17017 ||| Stepping ~*~*~tactically~*~*~ (outnumbered).
 17019 | Lair:2   | 17019 ||| FLEEEEING.
 17027 | Lair:2   | 17027 ||| Stepping ~*~*~tactically~*~*~ (outnumbered).
 17029 | Lair:2   | 17029 ||| FLEEEEING.
 17041 | Lair:2   | 17041 ||| Stepping ~*~*~tactically~*~*~ (outnumbered).
 17047 | Lair:2   | 17047 ||| FLEEEEING.
 17072 | Lair:2   | 17072 ||| FLEEEEING.
 17082 | Lair:2   | 17082 ||| FLEEEEING.
 17090 | Lair:2   | 17090 ||| FLEEEEING.
 17098 | Lair:2   | 17098 ||| FLEEEEING.
 17105 | Lair:2   | 17105 ||| Stepping ~*~*~tactically~*~*~ (outnumbered).
 17112 | Lair:2   | 17112 ||| FLEEEEING.
 17129 | Lair:2   | 17129 ||| FLEEEEING.
 17141 | Lair:2   | 17141 ||| Stepping ~*~*~tactically~*~*~ (outnumbered).
 17146 | Lair:2   | 17146 ||| FLEEEEING.
 17157 | Lair:2   | 17157 ||| Stepping ~*~*~tactically~*~*~ (outnumbered).
 17159 | Lair:2   | 17159 ||| FLEEEEING.
 17171 | Lair:2   | 17171 ||| FLEEEEING.
 17180 | Lair:2   | 17180 ||| Stepping ~*~*~tactically~*~*~ (outnumbered).
 17182 | Lair:2   | 17182 ||| Stepping ~*~*~tactically~*~*~ (outnumbered).
 17186 | Lair:2   | 17186 ||| FLEEEEING.
 17199 | Lair:2   | 17199 ||| FLEEEEING.
 17206 | Lair:2   | 17206 ||| FLEEEEING.
 17221 | Lair:2   | 17221 ||| Stepping ~*~*~tactically~*~*~ (outnumbered).
 17228 | Lair:2   | 17228 ||| Stepping ~*~*~tactically~*~*~ (outnumbered).
 17230 | Lair:2   | 17230 ||| FLEEEEING.
 17240 | Lair:2   | 17240 ||| Stepping ~*~*~tactically~*~*~ (outnumbered).
 17242 | Lair:2   | 17242 ||| Stepping ~*~*~tactically~*~*~ (outnumbered).
 17248 | Lair:2   | 17248 ||| Stepping ~*~*~tactically~*~*~ (outnumbered).
 17253 | Lair:2   | 17253 ||| FLEEEEING.
 17266 | Lair:2   | 17266 ||| Stepping ~*~*~tactically~*~*~ (outnumbered).
 17268 | Lair:2   | 17268 ||| FLEEEEING.
 17275 | Lair:2   | 17275 ||| Stepping ~*~*~tactically~*~*~ (outnumbered).
 17277 | Lair:2   | 17277 ||| FLEEEEING.
 17290 | Lair:2   | 17290 ||| Stepping ~*~*~tactically~*~*~ (outnumbered).
 17296 | Lair:2   | 17296 ||| Stepping ~*~*~tactically~*~*~ (outnumbered).
 17298 | Lair:2   | 17298 ||| Stepping ~*~*~tactically~*~*~ (outnumbered).
 17300 | Lair:2   | 17300 ||| Stepping ~*~*~tactically~*~*~ (outnumbered).
 17307 | Lair:2   | 17307 ||| Stepping ~*~*~tactically~*~*~ (outnumbered).
 17313 | Lair:2   | 17313 ||| FLEEEEING.
 17338 | Lair:2   | 17338 ||| Stepping ~*~*~tactically~*~*~ (outnumbered).
 17342 | Lair:2   | 17342 ||| Stepping ~*~*~tactically~*~*~ (outnumbered).
 17348 | Lair:2   | 17348 ||| FLEEEEING.
 17355 | Lair:2   | 17355 ||| Stepping ~*~*~tactically~*~*~ (outnumbered).
 17357 | Lair:2   | 17357 ||| FLEEEEING.
 17372 | Lair:2   | 17372 ||| Stepping ~*~*~tactically~*~*~ (outnumbered).
 17374 | Lair:2   | 17374 ||| FLEEEEING.
 17398 | Lair:2   | 17398 ||| FLEEEEING.
 17409 | Lair:2   | 17409 ||| Stepping ~*~*~tactically~*~*~ (outnumbered).
 17414 | Lair:2   | 17414 ||| FLEEEEING.
 17422 | Lair:2   | 17422 ||| Stepping ~*~*~tactically~*~*~ (outnumbered).
 17424 | Lair:2   | 17424 ||| Stepping ~*~*~tactically~*~*~ (outnumbered).
 17429 | Lair:2   | 17429 ||| FLEEEEING.
 17440 | Lair:2   | 17440 ||| FLEEEEING.
 17454 | Lair:2   | 17454 ||| Stepping ~*~*~tactically~*~*~ (outnumbered).
 17456 | Lair:2   | 17456 ||| Stepping ~*~*~tactically~*~*~ (outnumbered).
 17461 | Lair:2   | 17461 ||| Stepping ~*~*~tactically~*~*~ (outnumbered).
 17465 | Lair:2   | 17465 ||| FLEEEEING.
 17492 | Lair:2   | 17492 ||| FLEEEEING.
 17501 | Lair:2   | 17501 ||| Stepping ~*~*~tactically~*~*~ (outnumbered).
 17506 | Lair:2   | 17506 ||| FLEEEEING.
 17517 | Lair:2   | 17517 ||| Stepping ~*~*~tactically~*~*~ (outnumbered).
 17521 | Lair:2   | 17521 ||| Stepping ~*~*~tactically~*~*~ (outnumbered).
 17527 | Lair:2   | 17527 ||| Stepping ~*~*~tactically~*~*~ (outnumbered).
 17532 | Lair:2   | 17532 ||| FLEEEEING.
 17551 | Lair:2   | 17551 ||| Stepping ~*~*~tactically~*~*~ (outnumbered).
 17553 | Lair:2   | 17553 ||| FLEEEEING.
 17560 | Lair:2   | 17560 ||| FLEEEEING.
 17575 | Lair:2   | 17575 ||| FLEEEEING.
 17597 | Lair:2   | 17597 ||| Stepping ~*~*~tactically~*~*~ (outnumbered).
 17604 | Lair:2   | 17604 ||| FLEEEEING.
 17614 | Lair:2   | 17614 ||| Stepping ~*~*~tactically~*~*~ (outnumbered).
 17617 | Lair:2   | 17617 ||| Stepping ~*~*~tactically~*~*~ (outnumbered).
 17619 | Lair:2   | 17619 ||| FLEEEEING.
 17635 | Lair:2   | 17635 ||| Stepping ~*~*~tactically~*~*~ (outnumbered).
 17641 | Lair:2   | 17641 ||| Stepping ~*~*~tactically~*~*~ (outnumbered).
 17643 | Lair:2   | 17643 ||| Stepping ~*~*~tactically~*~*~ (outnumbered).
 17648 | Lair:2   | 17648 ||| Stepping ~*~*~tactically~*~*~ (outnumbered).
 17650 | Lair:2   | 17650 ||| FLEEEEING.
 17663 | Lair:2   | 17663 ||| Stepping ~*~*~tactically~*~*~ (outnumbered).
 17665 | Lair:2   | 17665 ||| Stepping ~*~*~tactically~*~*~ (outnumbered).
 17667 | Lair:2   | 17667 ||| Stepping ~*~*~tactically~*~*~ (outnumbered).
 17670 | Lair:2   | 17670 ||| Stepping ~*~*~tactically~*~*~ (outnumbered).
 17672 | Lair:2   | 17672 ||| Stepping ~*~*~tactically~*~*~ (outnumbered).
 17677 | Lair:2   | 17677 ||| FLEEEEING.
 17695 | Lair:2   | 17695 ||| FLEEEEING.
 17712 | Lair:2   | 17712 ||| Stepping ~*~*~tactically~*~*~ (outnumbered).
 17714 | Lair:2   | 17714 ||| FLEEEEING.
 17735 | Lair:2   | 17735 ||| FLEEEEING.
 17745 | Lair:2   | 17745 ||| FLEEEEING.
 17760 | Lair:2   | 17760 ||| Stepping ~*~*~tactically~*~*~ (outnumbered).
 17767 | Lair:2   | 17767 ||| Stepping ~*~*~tactically~*~*~ (outnumbered).
 17773 | Lair:2   | 17773 ||| Stepping ~*~*~tactically~*~*~ (outnumbered).
 17778 | Lair:2   | 17778 ||| Stepping ~*~*~tactically~*~*~ (outnumbered).
 17784 | Lair:2   | 17784 ||| FLEEEEING.
 17793 | Lair:2   | 17793 ||| Stepping ~*~*~tactically~*~*~ (outnumbered).
 17795 | Lair:2   | 17795 ||| Stepping ~*~*~tactically~*~*~ (outnumbered).
 17799 | Lair:2   | 17799 ||| Stepping ~*~*~tactically~*~*~ (outnumbered).
 17801 | Lair:2   | 17801 ||| Stepping ~*~*~tactically~*~*~ (outnumbered).
 17808 | Lair:2   | 17808 ||| Stepping ~*~*~tactically~*~*~ (outnumbered).
 17813 | Lair:2   | 17813 ||| Stepping ~*~*~tactically~*~*~ (outnumbered).
 17815 | Lair:2   | 17815 ||| Stepping ~*~*~tactically~*~*~ (outnumbered).
 17819 | Lair:2   | 17819 ||| Stepping ~*~*~tactically~*~*~ (outnumbered).
 17824 | Lair:2   | 17824 ||| FLEEEEING.
 17846 | Lair:2   | 17846 ||| Stepping ~*~*~tactically~*~*~ (outnumbered).
 17851 | Lair:2   | 17851 ||| FLEEEEING.
 17860 | Lair:2   | 17860 ||| FLEEEEING.
 17872 | Lair:2   | 17872 ||| Stepping ~*~*~tactically~*~*~ (outnumbered).
 17874 | Lair:2   | 17874 ||| FLEEEEING.
 17884 | Lair:2   | 17884 ||| FLEEEEING.
 17894 | Lair:2   | 17894 ||| FLEEEEING.
 17903 | Lair:2   | 17903 ||| FLEEEEING.
 17912 | Lair:2   | 17912 ||| FLEEEEING.
 17938 | Lair:2   | 17938 ||| FLEEEEING.
 17948 | Lair:2   | 17948 ||| Stepping ~*~*~tactically~*~*~ (outnumbered).
 17951 | Lair:2   | 17951 ||| Stepping ~*~*~tactically~*~*~ (outnumbered).
 17953 | Lair:2   | 17953 ||| Stepping ~*~*~tactically~*~*~ (outnumbered).
 17958 | Lair:2   | 17958 ||| FLEEEEING.
 17975 | Lair:2   | 17975 ||| Stepping ~*~*~tactically~*~*~ (outnumbered).
 17977 | Lair:2   | 17977 ||| FLEEEEING.
 17993 | Lair:2   | 17993 ||| FLEEEEING.
 18004 | Lair:2   | 18004 ||| FLEEEEING.
 18012 | Lair:2   | 18012 ||| Stepping ~*~*~tactically~*~*~ (outnumbered).
 18014 | Lair:2   | 18014 ||| Stepping ~*~*~tactically~*~*~ (outnumbered).
 18016 | Lair:2   | 18016 ||| Stepping ~*~*~tactically~*~*~ (outnumbered).
 18018 | Lair:2   | 18018 ||| FLEEEEING.
 18030 | Lair:2   | 18030 ||| Stepping ~*~*~tactically~*~*~ (outnumbered).
 18035 | Lair:2   | 18035 ||| FLEEEEING.
 18045 | Lair:2   | 18045 ||| FLEEEEING.
 18063 | Lair:2   | 18063 ||| Stepping ~*~*~tactically~*~*~ (outnumbered).
 18069 | Lair:2   | 18069 ||| Stepping ~*~*~tactically~*~*~ (outnumbered).
 18074 | Lair:2   | 18074 ||| Stepping ~*~*~tactically~*~*~ (outnumbered).
 18077 | Lair:2   | 18077 ||| Stepping ~*~*~tactically~*~*~ (outnumbered).
 18083 | Lair:2   | 18083 ||| FLEEEEING.
 18096 | Lair:2   | 18096 ||| FLEEEEING.
 18109 | Lair:2   | 18109 ||| Stepping ~*~*~tactically~*~*~ (outnumbered).
 18115 | Lair:2   | 18115 ||| Stepping ~*~*~tactically~*~*~ (outnumbered).
 18120 | Lair:2   | 18120 ||| FLEEEEING.
 18127 | Lair:2   | 18127 ||| FLEEEEING.
 18146 | Lair:2   | 18146 ||| FLEEEEING.
 18157 | Lair:2   | 18157 ||| FLEEEEING.
 18164 | Lair:2   | 18164 ||| Stepping ~*~*~tactically~*~*~ (outnumbered).
 18167 | Lair:2   | 18167 ||| Stepping ~*~*~tactically~*~*~ (outnumbered).
 18174 | Lair:2   | 18174 ||| Stepping ~*~*~tactically~*~*~ (outnumbered).
 18176 | Lair:2   | 18176 ||| FLEEEEING.
 18191 | Lair:2   | 18191 ||| FLEEEEING.
 18198 | Lair:2   | 18198 ||| Stepping ~*~*~tactically~*~*~ (outnumbered).
 18200 | Lair:2   | 18200 ||| Stepping ~*~*~tactically~*~*~ (outnumbered).
 18205 | Lair:2   | 18205 ||| FLEEEEING.
 18213 | Lair:2   | 18213 ||| FLEEEEING.
 18228 | Lair:2   | 18228 ||| FLEEEEING.
 18239 | Lair:2   | 18239 ||| FLEEEEING.
 18250 | Lair:2   | 18250 ||| FLEEEEING.
 18274 | Lair:2   | 18274 ||| FLEEEEING.
 18281 | Lair:2   | 18281 ||| FLEEEEING.
 18300 | Lair:2   | 18300 ||| FLEEEEING.
 18316 | Lair:2   | 18316 ||| FLEEEEING.
 18331 | Lair:2   | 18331 ||| Stepping ~*~*~tactically~*~*~ (outnumbered).
 18333 | Lair:2   | 18333 ||| FLEEEEING.
 18342 | Lair:2   | 18342 ||| Stepping ~*~*~tactically~*~*~ (outnumbered).
 18346 | Lair:2   | 18346 ||| Stepping ~*~*~tactically~*~*~ (outnumbered).
 18352 | Lair:2   | 18352 ||| FLEEEEING.
 18374 | Lair:2   | 18374 ||| Stepping ~*~*~tactically~*~*~ (outnumbered).
 18376 | Lair:2   | 18376 ||| Stepping ~*~*~tactically~*~*~ (outnumbered).
 18378 | Lair:2   | Glimpsed the power of Zot.
 18381 | Lair:2   | 18381 ||| FLEEEEING.
 18394 | Lair:2   | 18394 ||| FLEEEEING.
 18401 | Lair:2   | 18401 ||| Stepping ~*~*~tactically~*~*~ (outnumbered).
 18403 | Lair:2   | 18403 ||| Stepping ~*~*~tactically~*~*~ (outnumbered).
 18408 | Lair:2   | 18408 ||| FLEEEEING.
 18426 | Lair:2   | 18426 ||| Stepping ~*~*~tactically~*~*~ (outnumbered).
 18428 | Lair:2   | 18428 ||| FLEEEEING.
 18445 | Lair:2   | 18445 ||| Stepping ~*~*~tactically~*~*~ (outnumbered).
 18447 | Lair:2   | 18447 ||| FLEEEEING.
 18464 | Lair:2   | 18464 ||| FLEEEEING.
 18475 | Lair:2   | 18475 ||| Stepping ~*~*~tactically~*~*~ (outnumbered).
 18482 | Lair:2   | 18482 ||| FLEEEEING.
 18497 | Lair:2   | 18497 ||| FLEEEEING.
 18509 | Lair:2   | 18509 ||| FLEEEEING.
 18536 | Lair:2   | 18536 ||| Stepping ~*~*~tactically~*~*~ (outnumbered).
 18542 | Lair:2   | 18542 ||| FLEEEEING.
 18561 | Lair:2   | 18561 ||| Stepping ~*~*~tactically~*~*~ (outnumbered).
 18563 | Lair:2   | 18563 ||| FLEEEEING.
 18589 | Lair:2   | 18589 ||| Stepping ~*~*~tactically~*~*~ (outnumbered).
 18592 | Lair:2   | 18592 ||| Stepping ~*~*~tactically~*~*~ (outnumbered).
 18597 | Lair:2   | 18597 ||| FLEEEEING.
 18605 | Lair:2   | 18605 ||| FLEEEEING.
 18622 | Lair:2   | 18622 ||| FLEEEEING.
 18629 | Lair:2   | 18629 ||| Stepping ~*~*~tactically~*~*~ (outnumbered).
 18634 | Lair:2   | 18634 ||| FLEEEEING.
 18646 | Lair:2   | 18646 ||| Stepping ~*~*~tactically~*~*~ (outnumbered).
 18648 | Lair:2   | 18648 ||| Stepping ~*~*~tactically~*~*~ (outnumbered).
 18650 | Lair:2   | 18650 ||| Stepping ~*~*~tactically~*~*~ (outnumbered).
 18654 | Lair:2   | 18654 ||| FLEEEEING.
 18676 | Lair:2   | 18676 ||| FLEEEEING.
 18685 | Lair:2   | 18685 ||| FLEEEEING.
 18692 | Lair:2   | 18692 ||| Stepping ~*~*~tactically~*~*~ (outnumbered).
 18694 | Lair:2   | 18694 ||| Stepping ~*~*~tactically~*~*~ (outnumbered).
 18696 | Lair:2   | 18696 ||| FLEEEEING.
 18715 | Lair:2   | 18715 ||| FLEEEEING.
 18724 | Lair:2   | 18724 ||| FLEEEEING.
 18731 | Lair:2   | 18731 ||| Stepping ~*~*~tactically~*~*~ (outnumbered).
 18736 | Lair:2   | 18736 ||| FLEEEEING.
 18744 | Lair:2   | 18744 ||| Stepping ~*~*~tactically~*~*~ (outnumbered).
 18750 | Lair:2   | 18750 ||| Stepping ~*~*~tactically~*~*~ (outnumbered).
 18752 | Lair:2   | 18752 ||| Stepping ~*~*~tactically~*~*~ (outnumbered).
 18758 | Lair:2   | 18758 ||| Stepping ~*~*~tactically~*~*~ (outnumbered).
 18764 | Lair:2   | 18764 ||| Stepping ~*~*~tactically~*~*~ (outnumbered).
 18768 | Lair:2   | 18768 ||| Stepping ~*~*~tactically~*~*~ (outnumbered).
 18773 | Lair:2   | 18773 ||| FLEEEEING.
 18790 | Lair:2   | 18790 ||| FLEEEEING.
 18798 | Lair:2   | 18798 ||| Stepping ~*~*~tactically~*~*~ (outnumbered).
 18802 | Lair:2   | 18802 ||| FLEEEEING.
 18816 | Lair:2   | 18816 ||| Stepping ~*~*~tactically~*~*~ (outnumbered).
 18818 | Lair:2   | 18818 ||| FLEEEEING.
 18839 | Lair:2   | 18839 ||| Stepping ~*~*~tactically~*~*~ (outnumbered).
 18845 | Lair:2   | 18845 ||| FLEEEEING.
 18854 | Lair:2   | 18854 ||| Stepping ~*~*~tactically~*~*~ (outnumbered).
 18858 | Lair:2   | 18858 ||| Stepping ~*~*~tactically~*~*~ (outnumbered).
 18863 | Lair:2   | 18863 ||| Stepping ~*~*~tactically~*~*~ (outnumbered).
 18868 | Lair:2   | 18868 ||| Stepping ~*~*~tactically~*~*~ (outnumbered).
 18870 | Lair:2   | 18870 ||| FLEEEEING.
 18878 | Lair:2   | Glimpsed the power of Zot.
 18879 | Lair:2   | 18879 ||| Stepping ~*~*~tactically~*~*~ (outnumbered).
 18881 | Lair:2   | 18881 ||| Stepping ~*~*~tactically~*~*~ (outnumbered).
 18887 | Lair:2   | 18887 ||| Stepping ~*~*~tactically~*~*~ (outnumbered).
 18889 | Lair:2   | 18889 ||| FLEEEEING.
 18906 | Lair:2   | 18906 ||| FLEEEEING.
 18915 | Lair:2   | 18915 ||| FLEEEEING.
 18930 | Lair:2   | 18930 ||| FLEEEEING.
 18945 | Lair:2   | 18945 ||| Stepping ~*~*~tactically~*~*~ (outnumbered).
 18951 | Lair:2   | 18951 ||| FLEEEEING.
 18964 | Lair:2   | 18964 ||| Stepping ~*~*~tactically~*~*~ (outnumbered).
 18967 | Lair:2   | 18967 ||| FLEEEEING.
 18974 | Lair:2   | 18974 ||| FLEEEEING.
 18987 | Lair:2   | 18987 ||| Stepping ~*~*~tactically~*~*~ (outnumbered).
 18993 | Lair:2   | 18993 ||| FLEEEEING.
 19015 | Lair:2   | 19015 ||| Stepping ~*~*~tactically~*~*~ (outnumbered).
 19021 | Lair:2   | 19021 ||| FLEEEEING.
 19036 | Lair:2   | 19036 ||| Stepping ~*~*~tactically~*~*~ (outnumbered).
 19039 | Lair:2   | 19039 ||| FLEEEEING.
 19046 | Lair:2   | 19046 ||| Stepping ~*~*~tactically~*~*~ (outnumbered).
 19048 | Lair:2   | 19048 ||| FLEEEEING.
 19055 | Lair:2   | 19055 ||| Stepping ~*~*~tactically~*~*~ (outnumbered).
 19057 | Lair:2   | 19057 ||| FLEEEEING.
 19066 | Lair:2   | 19066 ||| FLEEEEING.
 19085 | Lair:2   | 19085 ||| FLEEEEING.
 19101 | Lair:2   | 19101 ||| FLEEEEING.
 19127 | Lair:2   | 19127 ||| FLEEEEING.
 19134 | Lair:2   | 19134 ||| FLEEEEING.
 19141 | Lair:2   | 19141 ||| Stepping ~*~*~tactically~*~*~ (outnumbered).
 19143 | Lair:2   | 19143 ||| Stepping ~*~*~tactically~*~*~ (outnumbered).
 19145 | Lair:2   | 19145 ||| Stepping ~*~*~tactically~*~*~ (outnumbered).
 19147 | Lair:2   | 19147 ||| Stepping ~*~*~tactically~*~*~ (outnumbered).
 19153 | Lair:2   | 19153 ||| FLEEEEING.
 19161 | Lair:2   | 19161 ||| Stepping ~*~*~tactically~*~*~ (outnumbered).
 19163 | Lair:2   | 19163 ||| Stepping ~*~*~tactically~*~*~ (outnumbered).
 19169 | Lair:2   | 19169 ||| Stepping ~*~*~tactically~*~*~ (outnumbered).
 19171 | Lair:2   | 19171 ||| Stepping ~*~*~tactically~*~*~ (outnumbered).
 19173 | Lair:2   | 19173 ||| FLEEEEING.
 19192 | Lair:2   | 19192 ||| FLEEEEING.
 19200 | Lair:2   | 19200 ||| Stepping ~*~*~tactically~*~*~ (outnumbered).
 19204 | Lair:2   | 19204 ||| Stepping ~*~*~tactically~*~*~ (outnumbered).
 19207 | Lair:2   | 19207 ||| Stepping ~*~*~tactically~*~*~ (outnumbered).
 19213 | Lair:2   | 19213 ||| FLEEEEING.
 19233 | Lair:2   | 19233 ||| Stepping ~*~*~tactically~*~*~ (outnumbered).
 19239 | Lair:2   | 19239 ||| FLEEEEING.
 19253 | Lair:2   | 19253 ||| Stepping ~*~*~tactically~*~*~ (outnumbered).
 19258 | Lair:2   | 19258 ||| Stepping ~*~*~tactically~*~*~ (outnumbered).
 19260 | Lair:2   | 19260 ||| Stepping ~*~*~tactically~*~*~ (outnumbered).
 19262 | Lair:2   | 19262 ||| Stepping ~*~*~tactically~*~*~ (outnumbered).
 19266 | Lair:2   | 19266 ||| Stepping ~*~*~tactically~*~*~ (outnumbered).
 19273 | Lair:2   | 19273 ||| FLEEEEING.
 19278 | Lair:2   | Glimpsed the power of Zot.
 19287 | Lair:2   | 19287 ||| Stepping ~*~*~tactically~*~*~ (outnumbered).
 19289 | Lair:2   | 19289 ||| FLEEEEING.
 19315 | Lair:2   | 19315 ||| Stepping ~*~*~tactically~*~*~ (outnumbered).
 19321 | Lair:2   | 19321 ||| FLEEEEING.
 19329 | Lair:2   | 19329 ||| Stepping ~*~*~tactically~*~*~ (outnumbered).
 19335 | Lair:2   | 19335 ||| Stepping ~*~*~tactically~*~*~ (outnumbered).
 19341 | Lair:2   | 19341 ||| FLEEEEING.
 19352 | Lair:2   | 19352 ||| Stepping ~*~*~tactically~*~*~ (outnumbered).
 19358 | Lair:2   | 19358 ||| FLEEEEING.
 19371 | Lair:2   | 19371 ||| FLEEEEING.
 19378 | Lair:2   | Touched by the power of Zot.
 19379 | Lair:2   | Glimpsed the power of Zot.
 19382 | Lair:2   | 19382 ||| FLEEEEING.
 19401 | Lair:2   | 19401 ||| FLEEEEING.
 19408 | Lair:2   | 19408 ||| FLEEEEING.
 19421 | Lair:2   | 19421 ||| FLEEEEING.
 19442 | Lair:2   | 19442 ||| FLEEEEING.
 19456 | Lair:2   | 19456 ||| FLEEEEING.
 19470 | Lair:2   | 19470 ||| FLEEEEING.
 19478 | Lair:2   | 19478 ||| FLEEEEING.
 19485 | Lair:2   | 19485 ||| FLEEEEING.
 19500 | Lair:2   | 19500 ||| Stepping ~*~*~tactically~*~*~ (outnumbered).
 19502 | Lair:2   | 19502 ||| Stepping ~*~*~tactically~*~*~ (outnumbered).
 19504 | Lair:2   | 19504 ||| Stepping ~*~*~tactically~*~*~ (outnumbered).
 19506 | Lair:2   | 19506 ||| Stepping ~*~*~tactically~*~*~ (outnumbered).
 19508 | Lair:2   | 19508 ||| Stepping ~*~*~tactically~*~*~ (outnumbered).
 19511 | Lair:2   | 19511 ||| FLEEEEING.
 19522 | Lair:2   | 19522 ||| FLEEEEING.
 19537 | Lair:2   | 19537 ||| FLEEEEING.
 19547 | Lair:2   | 19547 ||| FLEEEEING.
 19556 | Lair:2   | 19556 ||| Stepping ~*~*~tactically~*~*~ (outnumbered).
 19558 | Lair:2   | 19558 ||| FLEEEEING.
 19568 | Lair:2   | 19568 ||| Stepping ~*~*~tactically~*~*~ (outnumbered).
 19570 | Lair:2   | 19570 ||| FLEEEEING.
 19583 | Lair:2   | 19583 ||| FLEEEEING.
 19604 | Lair:2   | 19604 ||| Stepping ~*~*~tactically~*~*~ (outnumbered).
 19606 | Lair:2   | 19606 ||| FLEEEEING.
 19615 | Lair:2   | 19615 ||| FLEEEEING.
 19636 | Lair:2   | 19636 ||| Stepping ~*~*~tactically~*~*~ (outnumbered).
 19638 | Lair:2   | 19638 ||| FLEEEEING.
 19645 | Lair:2   | 19645 ||| Stepping ~*~*~tactically~*~*~ (outnumbered).
 19647 | Lair:2   | 19647 ||| FLEEEEING.
 19660 | Lair:2   | 19660 ||| FLEEEEING.
 19666 | Lair:2   | 19666 ||| Stepping ~*~*~tactically~*~*~ (outnumbered).
 19669 | Lair:2   | 19669 ||| FLEEEEING.
 19680 | Lair:2   | 19680 ||| FLEEEEING.
 19695 | Lair:2   | 19695 ||| FLEEEEING.
 19719 | Lair:2   | 19719 ||| Stepping ~*~*~tactically~*~*~ (outnumbered).
 19721 | Lair:2   | 19721 ||| FLEEEEING.
 19740 | Lair:2   | 19740 ||| Stepping ~*~*~tactically~*~*~ (outnumbered).
 19742 | Lair:2   | 19742 ||| FLEEEEING.
 19768 | Lair:2   | 19768 ||| FLEEEEING.
 19781 | Lair:2   | 19781 ||| FLEEEEING.
 19800 | Lair:2   | 19800 ||| FLEEEEING.
 19813 | Lair:2   | 19813 ||| FLEEEEING.
 19834 | Lair:2   | 19834 ||| FLEEEEING.
 19843 | Lair:2   | 19843 ||| Stepping ~*~*~tactically~*~*~ (outnumbered).
 19846 | Lair:2   | 19846 ||| FLEEEEING.
 19869 | Lair:2   | 19869 ||| Stepping ~*~*~tactically~*~*~ (outnumbered).
 19871 | Lair:2   | 19871 ||| FLEEEEING.
 19879 | Lair:2   | 19879 ||| FLEEEEING.
 19879 | Lair:2   | Glimpsed the power of Zot.
 19889 | Lair:2   | 19889 ||| FLEEEEING.
 19900 | Lair:2   | 19900 ||| FLEEEEING.
 19907 | Lair:2   | 19907 ||| FLEEEEING.
 19935 | Lair:2   | 19935 ||| FLEEEEING.
 19965 | Lair:2   | 19965 ||| FLEEEEING.
 19978 | Lair:2   | 19978 ||| FLEEEEING.
 19983 | Lair:2   | 19983 ||| Stepping ~*~*~tactically~*~*~ (outnumbered).
 19986 | Lair:2   | 19986 ||| Stepping ~*~*~tactically~*~*~ (outnumbered).
 19988 | Lair:2   | 19988 ||| FLEEEEING.
 20003 | Lair:2   | 20003 ||| FLEEEEING.
 20008 | Lair:2   | 20008 ||| FLEEEEING.
 20013 | Lair:2   | 20013 ||| FLEEEEING.
 20026 | Lair:2   | 20026 ||| FLEEEEING.
 20043 | Lair:2   | 20043 ||| Stepping ~*~*~tactically~*~*~ (outnumbered).
 20045 | Lair:2   | 20045 ||| FLEEEEING.
 20056 | Lair:2   | 20056 ||| FLEEEEING.
 20061 | Lair:2   | 20061 ||| FLEEEEING.
 20074 | Lair:2   | 20074 ||| FLEEEEING.
 20093 | Lair:2   | 20093 ||| Stepping ~*~*~tactically~*~*~ (outnumbered).
 20095 | Lair:2   | 20095 ||| FLEEEEING.
 20110 | Lair:2   | 20110 ||| FLEEEEING.
 20117 | Lair:2   | 20117 ||| FLEEEEING.
 20124 | Lair:2   | 20124 ||| FLEEEEING.
 20132 | Lair:2   | 20132 ||| FLEEEEING.
 20150 | Lair:2   | 20150 ||| FLEEEEING.
 20167 | Lair:2   | 20167 ||| Stepping ~*~*~tactically~*~*~ (outnumbered).
 20171 | Lair:2   | 20171 ||| FLEEEEING.
 20182 | Lair:2   | 20182 ||| Stepping ~*~*~tactically~*~*~ (outnumbered).
 20186 | Lair:2   | 20186 ||| FLEEEEING.
 20191 | Lair:2   | 20191 ||| FLEEEEING.
 20210 | Lair:2   | 20210 ||| FLEEEEING.
 20220 | Lair:2   | 20220 ||| Stepping ~*~*~tactically~*~*~ (outnumbered).
 20222 | Lair:2   | 20222 ||| FLEEEEING.
 20231 | Lair:2   | 20231 ||| Stepping ~*~*~tactically~*~*~ (outnumbered).
 20233 | Lair:2   | 20233 ||| FLEEEEING.
 20244 | Lair:2   | 20244 ||| FLEEEEING.
 20262 | Lair:2   | 20262 ||| FLEEEEING.
 20279 | Lair:2   | Glimpsed the power of Zot.
 20286 | Lair:2   | 20286 ||| FLEEEEING.
 20294 | Lair:2   | 20294 ||| FLEEEEING.
 20303 | Lair:2   | 20303 ||| FLEEEEING.
 20312 | Lair:2   | 20312 ||| FLEEEEING.
 20331 | Lair:2   | 20331 ||| Stepping ~*~*~tactically~*~*~ (outnumbered).
 20334 | Lair:2   | 20334 ||| FLEEEEING.
 20342 | Lair:2   | 20342 ||| Stepping ~*~*~tactically~*~*~ (outnumbered).
 20346 | Lair:2   | 20346 ||| FLEEEEING.
 20372 | Lair:2   | 20372 ||| FLEEEEING.
 20378 | Lair:2   | Touched by the power of Zot.
 20379 | Lair:2   | Glimpsed the power of Zot.
 20386 | Lair:2   | 20386 ||| Stepping ~*~*~tactically~*~*~ (outnumbered).
 20388 | Lair:2   | 20388 ||| FLEEEEING.
 20402 | Lair:2   | 20402 ||| FLEEEEING.
 20423 | Lair:2   | 20423 ||| FLEEEEING.
 20433 | Lair:2   | 20433 ||| FLEEEEING.
 20446 | Lair:2   | 20446 ||| Stepping ~*~*~tactically~*~*~ (outnumbered).
 20448 | Lair:2   | 20448 ||| FLEEEEING.
 20452 | Lair:2   | 20452 ||| FLEEEEING.
 20471 | Lair:2   | 20471 ||| FLEEEEING.
 20478 | Lair:2   | 20478 ||| FLEEEEING.
 20481 | Lair:2   | 20481 ||| FLEEEEING.
 20488 | Lair:2   | 20488 ||| Stepping ~*~*~tactically~*~*~ (outnumbered).
 20490 | Lair:2   | 20490 ||| FLEEEEING.
 20504 | Lair:2   | HP: 2/28 [electric eel/bolt of electricity (13)]
 20505 | Lair:2   | 20505 ||| FLEEEEING.
 20530 | Lair:2   | 20530 ||| FLEEEEING.
 20541 | Lair:2   | 20541 ||| FLEEEEING.
 20554 | Lair:2   | 20554 ||| FLEEEEING.
 20572 | Lair:2   | 20572 ||| FLEEEEING.
 20586 | Lair:2   | 20586 ||| Stepping ~*~*~tactically~*~*~ (outnumbered).
 20588 | Lair:2   | 20588 ||| FLEEEEING.
 20605 | Lair:2   | 20605 ||| FLEEEEING.
 20618 | Lair:2   | 20618 ||| FLEEEEING.
 20626 | Lair:2   | HP: 4/28 [electric eel/bolt of electricity (13)]
 20627 | Lair:2   | 20627 ||| FLEEEEING.
 20652 | Lair:2   | 20652 ||| FLEEEEING.
 20673 | Lair:2   | 20673 ||| FLEEEEING.
 20682 | Lair:2   | 20682 ||| FLEEEEING.
 20700 | Lair:2   | HP: 2/28 [electric eel/bolt of electricity (9)]
 20701 | Lair:2   | 20701 ||| FLEEEEING.
 20727 | Lair:2   | 20727 ||| FLEEEEING.
 20738 | Lair:2   | 20738 ||| FLEEEEING.
 20755 | Lair:2   | Killed from afar by an electric eel

Levels and vault maps discovered:
D:1:      erik_arrival_blinker_ship, layout_basic, serial_aquarium,
          aquarium_bridge_straight [aquarium_subvault_bridge,
          aquarium_subvault_window, aquarium_subvault_bridge,
          aquarium_subvault_wall], aquarium_bridge_square
          [aquarium_subvault_window, aquarium_subvault_wall,
          aquarium_subvault_balcony, aquarium_subvault_bridge],
          aquarium_window_2, aquarium_window_fake, aquarium_window_3,
          aquarium_view_2b, aquarium_view_2d
D:2:      layout_loops_ring, basic_ecumenical_altar, serial_shops,
          shop_fountains, shop, nicolae_shop_stone, minmay_misc_feat_hallway
D:3:      layout_rooms, mainiacjoe_overflow_boulevard,
          mainiacjoe_overflow_small_starburst, grunt_ministairs_15, uniq_pargi
D:4:      layout_rooms, nicolae_wu_jian_glorious_leap,
          minmay_temple_entry_crystal_x, kennysheep_crisscross,
          cheibrodos_gnoll_hut, uniq_menkaure
D:5:      layout_loops_ring, zin_statuary, lemuel_mausoleum_altar_yredelemnul,
          lemuel_round_altar, gup_sewer_entry_glass, roderic_batcave
D:6:      layout_loops_ring, mainiacjoe_overflow_brackets, enter_ossuary_3
D:7:      layout_cave_pools, serial_rivers, chequers_serial_rivers_large_a,
          chequers_serial_rivers_micro_d, chequers_serial_rivers_micro_d,
          chequers_serial_rivers_micro_d, chequers_serial_rivers_small_3,
          minmay_lizard_king, uniq_crazy_yiuf_cottage
D:8:      layout_basic, mainiacjoe_overflow_cross_hatched,
          mainiacjoe_overflow_tiny_flanked, david_lair_shrubbed, uniq_joseph
Lair:1:   layout_cave_pods, basic_altar, serial_bayou_pond_e,
          nicolae_lair_grove_arrangements, grunt_megastairs_4,
          infiniplex_staircase_pool
Lair:2:   layout_regular_city, swamp_mist, dummy_spider_entry,
          nicolae_lair_liquid_snakes, uniq_sonja

Skill      XL: |  1  2  3  4  5  6  7  8  9 10 11 |
---------------+----------------------------------+-----
Unarmed Combat | 4 5 7 8 9 10 12 14 16 | 16.0
Fighting       | 3 4 5 6 |  6.9
Throwing       | 1 3 4 |  4.2
Armour         | 1 2 |  2.3
Dodging        | 1 |  1.5
Spellcasting   | |  1.0
Fire Magic     | |  2.1

Action                   |  1- 3 |  4- 6 |  7- 9 | 10-12 || total
-------------------------+-------+-------+-------+-------++-------
Melee: Unarmed           |    45 |   161 |   316 |   207 ||   729
       Punch             |       |     3 |    18 |    12 ||    33
Throw: Boomerang         |       |     4 |    87 |     7 ||    98
       Javelin           |       |       |     6 |    34 ||    40
Invok: Fiery Armour      |     1 |       |     2 |    10 ||    13
  Use: Scroll            |     8 |     4 |    11 |     1 ||    24
       Potion            |     1 |     1 |     2 |       ||     4
Armor: Robe              |    23 |    39 |       |       ||    62
       Troll leather arm |       |    17 |   106 |    65 ||   188
       Skin              |       |       |       |     1 ||     1
Dodge: Dodged            |    18 |    47 |    87 |   430 ||   582

Table legend:
 A = Non-vault XP
 B = Vault XP
 C = Vault XP percentage of total XP
 D = Non-vault monster count
 E = Vault monster count
 F = Vault count percentage of total count
                 A         B        C        D         E       F
            +---------+---------+-------+---------+---------+-------
      Total |   11563 |    6544 |  36.1 |     189 |      97 |  33.9
            +---------+---------+-------+---------+---------+-------
        D:1 |      33 |       0 |   0.0 |      17 |       0 |   0.0
        D:2 |     188 |       0 |   0.0 |      34 |       0 |   0.0
        D:3 |     227 |     139 |  38.0 |      20 |       3 |  13.0
        D:4 |     237 |     265 |  52.8 |      20 |       4 |  16.7
        D:5 |     330 |     850 |  72.0 |      11 |      24 |  68.6
        D:6 |    1070 |       1 |   0.1 |      17 |       1 |   5.6
        D:7 |     818 |     487 |  37.3 |      11 |       8 |  42.1
        D:8 |    1360 |     816 |  37.5 |      28 |       2 |   6.7
     Lair:1 |    6600 |    2791 |  29.7 |      28 |      16 |  36.4
     Lair:2 |     700 |     785 |  52.9 |       3 |       1 |  25.0
      Sewer |       0 |     173 | 100.0 |       0 |       7 | 100.0
    Ossuary |       0 |     237 | 100.0 |       0 |      31 | 100.0
            +---------+---------+-------+---------+---------+-------
